 Dungeon Crawl Stone Soup version 0.29.0-5-ge4962eb29e (webtiles) character file.

Game seed: 5196409792460093195

15104549 GnomeSayin the Infernalist (level 27, 188/188 HPs)
             Began as a Gargoyle Ice Elementalist on Aug 26, 2022.
             Was the Champion of Vehumet.
             Escaped with the Orb
             ... and 15 runes on Aug 30, 2022!
             The game lasted 1 day 01:26:31 (106217 turns).

GnomeSayin the Infernalist (GrIE)             Turns: 106217, Time: 1 , 01:26:32

Health: 188/188    AC: 33    Str: 15    XL:     27
Magic:  23/54      EV: 34    Int: 29    God:    Vehumet [******]
Gold:   14228      SH: 24    Dex: 21    Spells: 0/80 levels left

rFire   + + +      SeeInvis +   J - staff of conjuration
rCold   + + .      Faith    .   C - +5 kite shield {reflect}
rNeg    + + .      Spirit   .   U - +2 robe {Archmagi}
rPois   ∞          Reflect  +   l - -2 hat of the Alchemist {rElec rPois rF+ rC+ rN+ Will+ rMut rCorr}
rElec   +          Harm     .   y - scarf {repulsion}
rCorr   +          Rampage  .   x - +2 pair of gloves {Dex+3}
rMut    +          Archmagi +   M - +2 pair of boots {Stlth+}
Will    +++..                   T - amulet of magic regeneration
Stlth   +++.......              X - ring of Gupnufabu {rPois rF++ Int+4 SInv}
HPRegen 1.21/turn               z - ring of Wu Jian, Sheltering {rC+ Dex+6}
MPRegen 0.74/turn

@: flying, studying 6 skills, repel missiles
A: sickness immunity, AC +20, big wings, negative energy resistance 1,
electricity resistance, torment resistance 1, petrification resistance, antennae
1, sense surroundings 1, regeneration 1
0: Orb of Zot
}: 15/15 runes: decaying, serpentine, slimy, silver, golden, iron, obsidian,
icy, bone, abyssal, demonic, glowing, magical, fiery, dark
a: Renounce Religion


You escaped.
You worshipped Vehumet.
Vehumet was exalted by your worship.
You visited 18 branches of the dungeon, and saw 87 of its levels.
You visited Pandemonium 1 time, and saw 15 of its levels.
You visited the Abyss 1 time.
You visited 3 ziggurats (completing 2), and saw 74 of their levels.
You also visited: Sewer and Ice Cave.

You collected 19920 gold pieces.
You spent 5692 gold pieces at shops.

Inventory:

Missiles
 a - 22 silver javelins (quivered)
 Y - 5 throwing nets
Armour
 l - the -2 hat of the Alchemist (worn) {rElec rPois rF+ rC+ rN+ Will+ rMut rCorr}
   (You found it on level 20 of a ziggurat)

   rF:        It protects you from fire.
   rC:        It protects you from cold.
   rElec:     It insulates you from electricity.
   rPois:     It protects you from poison.
   rN:        It protects you from negative energy.
   rCorr:     It protects you from acid and corrosion.
   rMut:      It protects you from mutation.
   Will:      It increases your willpower.
 x - a +2 pair of gloves of dexterity (worn)
 y - a scarf of repulsion (worn)
 C - a +5 kite shield of reflection (worn)
 M - a +2 pair of boots of stealth (worn)
 U - a +2 robe of the Archmagi (worn)
Magical Staves
 J - a staff of conjuration (weapon)
Jewellery
 u - the ring "Abokh" {rElec rF+ Will+ rCorr Int+5}
   (You found it on level 14 of a ziggurat)

   [ring of protection from fire]

   Int:       It affects your intelligence (+5).
   rF:        It protects you from fire.
   rElec:     It insulates you from electricity.
   rCorr:     It protects you from acid and corrosion.
   Will:      It increases your willpower.
 z - the ring of Wu Jian, Sheltering (right hand) {rC+ Dex+6}
   (You found it on level 21 of a ziggurat)

   [ring of protection from cold]

   Dex:       It affects your dexterity (+6).
   rC:        It protects you from cold.
 T - an amulet of magic regeneration (around neck)
 X - the ring of Gupnufabu (left hand) {rPois rF++ Int+4 SInv}
   (You found it on level 27 of a ziggurat)

   [ring of poison resistance]

   Int:       It affects your intelligence (+4).
   rF:        It greatly protects you from fire.
   rPois:     It protects you from poison.
   SInv:      It lets you see invisible.
Wands
 g - a wand of iceblast (43)
 k - a wand of mindburst (45)
 N - a wand of digging (12)
 V - a wand of paralysis (61)
 Z - a wand of acid (30)
Scrolls
 e - 22 scrolls of blinking
 f - 43 scrolls of fog
 h - 24 scrolls of enchant armour
 j - 24 scrolls of magic mapping
 n - 8 scrolls of summoning
 o - 15 scrolls of poison
 q - 73 scrolls of teleportation
 r - 23 scrolls of immolation
 v - 18 scrolls of vulnerability
 w - 27 scrolls of amnesia
 I - 15 scrolls of fear
 O - 14 scrolls of torment
 W - 19 scrolls of silence
Potions
 b - 12 potions of magic
 c - 40 potions of curing
 i - 10 potions of cancellation
 m - 15 potions of lignification
 p - 60 potions of mutation
 t - 13 potions of attraction
 A - 10 potions of resistance
 B - 17 potions of heal wounds
 E - 16 potions of might
 F - 2 potions of invisibility
 G - 16 potions of haste
 L - 6 potions of ambrosia
 S - 3 potions of brilliance
Miscellaneous
 d - a phial of floods
 s - a phantom mirror
 D - a +2 figurine of a ziggurat
 H - a tin of tremorstones (2/2)
 K - a box of beasts
 Q - a condenser vane
 R - the horn of Geryon


   Skills:
 O Level 27 Fighting
 - Level 9.0 Staves
 - Level 1.0 Ranged Weapons
 O Level 27 Throwing
 O Level 27 Armour
 O Level 27 Dodging
 - Level 14.0 Stealth
 O Level 27 Shields
 O Level 27 Spellcasting
 O Level 27 Conjurations
 - Level 4.0 Hexes
 - Level 5.0 Summonings
 - Level 20.0 Necromancy
 - Level 11.0 Translocations
 - Level 4.0 Transmutations
 O Level 27 Fire Magic
 + Level 23.9 Ice Magic
 O Level 27 Earth Magic
 O Level 27 Evocations


You couldn't memorise any spells.
You knew the following spells:

 Your Spells              Type           Power      Damage    Failure   Level
a - Fire Storm            Conj/Fire      82%        8d21      1%          9
b - Shatter               Erth           69%        3d51*     1%          9
c - Borgnjor's Revivific  Necr           62%        N/A       1%          8
d - Iskenderun's Mystic   Conj/Tloc      100%       2d19      0%          4
e - Orb of Destruction    Conj           82%        9d18      0%          7
f - Spellforged Servitor  Conj/Summ      69%        N/A       1%          7
g - Magic Dart            Conj           100%       1d8       0%          1
h - Irradiate             Conj/Tmut      69%        3d34      1%          5
j - Lee's Rapid Deconstr  Erth           69%        3d32*     0%          5
k - Apportation           Tloc           100%       N/A       0%          1
l - Borgnjor's Vile Clut  Necr/Erth      66%        N/A       0%          5
m - Passage of Golubria   Tloc           100%       N/A       1%          4
n - Lehudib's Crystal Sp  Conj/Erth      82%        10d18     1%          8
p - Ozocubu's Refrigerat  Ice            66%        4d22      1%          7

Your spell library contained the following spells:

 Spells                   Type           Power      Damage    Failure   Level
 Foxfire                  Conj/Fire      100%       2x1d9     0%          1
 Freeze                   Ice            100%       1d11      0%          1
 Necrotise                Necr           100%       1d9       0%          1
 Sandblast                Erth           100%       2d20      0%          1
 Shock                    Conj/Air       100%       1d9       0%          1
 Blink                    Tloc           100%       N/A       0%          2
 Ensorcelled Hibernation  Hex/Ice        100%       N/A       0%          2
 Passwall                 Tmut/Erth      95%        N/A       0%          2
 Scorch                   Fire           100%       2d10      0%          2
 Searing Ray              Conj           100%       2d8       0%          2
 Static Discharge         Conj/Air       100%       3-16/arc  0%          2
 Conjure Flame            Conj/Fire      100%       6-21      0%          3
 Dazzling Flash           Conj/Hex       100%       N/A       0%          3
 Frozen Ramparts          Ice            100%       1d16      0%          3
 Inner Flame              Hex/Fire       100%       N/A       0%          3
 Ozocubu's Armour         Ice            100%       N/A       0%          3
 Stone Arrow              Conj/Erth      100%       3d13      0%          3
 Vampiric Draining        Necr           100%       2d13      0%          3
 Animate Armour           Summ/Erth      100%       N/A       0%          4
 Animate Dead             Necr           100%       N/A       0%          4
 Dispel Undead            Necr           100%       3d31      0%          4
 Flame Wave               Conj/Fire      100%       2d21      0%          4
 Fulminant Prism          Conj/Hex       69%        3d28      0%          4
 Hailstorm                Conj/Ice       100%       3d20      0%          4
 Leda's Liquefaction      Hex/Erth       57%        N/A       0%          4
 Petrify                  Tmut/Erth      100%       N/A       0%          4
 Sticky Flame             Conj/Fire      100%       2d11      0%          4
 Agony                    Necr           100%       N/A       0%          5
 Fireball                 Conj/Fire      82%        3d30      0%          5
 Freezing Cloud           Conj/Ice/Air   71%        6-21      0%          5
 Iskenderun's Battlesphe  Conj           100%       2d15      0%          5
 Iron Shot                Conj/Erth      82%        9d15      0%          6
 Simulacrum               Ice/Necr       64%        N/A       0%          6
 Starburst                Conj/Fire      82%        6d21      0%          6
 Beastly Appendage        Tmut           100%       N/A       1%          1
 Slow                     Hex            100%       N/A       1%          1
 Sting                    Tmut/Pois      100%       1d8       1%          1
 Summon Small Mammal      Summ           100%       N/A       1%          1
 Call Imp                 Summ           80%        N/A       1%          2
 Poisonous Vapours        Pois/Air       100%       N/A       1%          2
 Wereblood                Tmut           76%        N/A       1%          2
 Call Canine Familiar     Summ           80%        N/A       1%          3
 Confusing Touch          Hex            76%        N/A       1%          3
 Gell's Gravitas          Tloc           100%       N/A       1%          3
 Ignite Poison            Fire/Tmut/Pois 99%        N/A       1%          3
 Lesser Beckoning         Tloc           100%       N/A       1%          3
 Mephitic Cloud           Conj/Pois/Air  100%       N/A       1%          3
 Portal Projectile        Hex/Tloc       100%       N/A       1%          3
 Spider Form              Tmut/Pois      66%        N/A       1%          3
 Summon Guardian Golem    Hex/Summ       78%        N/A       1%          3
 Swiftness                Air            56%        N/A       1%          3
 Teleport Other           Tloc           100%       N/A       1%          3
 Tukima's Dance           Hex            76%        N/A       1%          3
 Airstrike                Air            28%        2d(4-20)  1%          4
 Anguish                  Hex/Necr       52%        N/A       1%          4
 Cause Fear               Hex            38%        N/A       1%          4
 Corpse Rot               Necr/Pois/Air  86%        N/A       1%          4
 Ice Form                 Ice/Tmut       100%       N/A       1%          4
 Olgreb's Toxic Radiance  Pois           56%        N/A       1%          4
 Summon Ice Beast         Ice/Summ       100%       N/A       1%          4
 Lightning Bolt           Conj/Air       66%        1d90      1%          5
 Manifold Assault         Tloc           100%       N/A       1%          5
 Metabolic Englaciation   Hex/Ice        55%        N/A       1%          5
 Summon Forest            Summ/Tloc      45%        N/A       1%          5
 Yara's Violent Unravell  Hex/Tmut       38%        3d15      1%          5
 Conjure Ball Lightning   Conj/Air       66%        3x3d25    1%          6
 Death Channel            Necr           62%        N/A       1%          6
 Dispersal                Tloc           50%        N/A       1%          6
 Ignition                 Fire           69%        3d18      1%          8
 Infestation              Necr           62%        N/A       1%          8
 Polar Vortex             Ice            66%        N/A       1%          9
 Summon Lightning Spire   Summ/Air       69%        N/A       2%          4
 Summon Mana Viper        Hex/Summ       78%        N/A       2%          5
 Blade Hands              Tmut           38%        N/A       3%          5
 Haunt                    Necr/Summ      53%        N/A       3%          7
 Alistair's Intoxication  Tmut/Pois      44%        N/A       8%          5
 Silence                  Hex/Air        33%        N/A       8%          5
 Eringya's Noxious Bog    Tmut/Pois      33%        N/A       12%         6
 Summon Cactus Giant      Summ           40%        N/A       13%         6
 Death's Door             Necr           62%        N/A       19%         9
 Malign Gateway           Summ/Tloc      45%        N/A       21%         7
 Necromutation            Tmut/Necr      52%        N/A       30%         8
 Disjunction              Tloc           50%        N/A       43%         8
 Chain Lightning          Conj/Air       66%        3d88      52%         9
 Monstrous Menagerie      Summ           40%        N/A       56%         7
 Summon Hydra             Summ           40%        N/A       56%         7
 Dragon Form              Tmut           38%        N/A       71%         7
 Enfeeble                 Hex            38%        N/A       71%         7
 Storm Form               Tmut/Air       33%        N/A       94%         7
 Summon Horrible Things   Summ           40%        N/A       99%         8
 Discord                  Hex            38%        N/A       100%        8
 Maxwell's Capacitive Co  Air            28%        ∞         100%        8
 Dragon's Call            Summ           40%        N/A       100%        9
 Sublimation of Blood     Necr           Unusable   N/A       N/A         2
 Statue Form              Tmut/Erth      Unusable   N/A       N/A         6

Dungeon Overview and Level Annotations

Branches:
Dungeon (15/15)            Temple (1/1) D:6            Lair (5/5) D:9
  Swamp (4/4) Lair:2        Snake (4/4) Lair:3        Slime (5/5) Lair:4
    Orc (2/2) D:9             Elf (3/3) Orc:2        Vaults (5/5) D:14
  Crypt (3/3) Vaults:2       Tomb (3/3) Crypt:3      Depths (4/4) D:15
   Hell (visited)             Dis (7/7) Hell            Geh (7/7) Hell
    Coc (7/7) Hell            Tar (7/7) Hell            Zot (5/5) Depths:4
  Sewer (visited)           IceCv (visited)

Altars:
Ashenzari
Cheibriados
Dithmenos
Elyvilon
Fedhas
Gozag
Hepliaklqana
Kikubaaqudgha
Makhleb
Nemelex Xobeh
Okawaru
Qazlal
Ru
Sif Muna
Trog
Uskayaw
Vehumet
Wu Jian
Xom
Yredelemnul
Zin
The Shining One

Shops:
D:4 [   D:5 *   D:13 [!([   D:14 *   D:15 (=(=   Orc:2 :(!=   Elf:1 =   Elf:2 :
Elf:3 (   Snake:1 *   Snake:2 *::   Vaults:2 [   Vaults:3 !   Vaults:5 (
Depths:1 ::=

Portals:
Hell: Depths:1 Depths:2 Depths:3 Depths:4
Abyss: Depths:3 Depths:4
Pandemonium: Depths:1 Depths:2

Annotations:
D:3 2 runed translucent doors, Evacnow's ghost, amateur GrIE
Orc:2 2 runed translucent doors, pesado's ghost, journeyman HOFi
Elf:2 3 runed translucent doors
Depths:1 3 runed translucent doors
Zot:4 2 transporters, SnakkuSnakku7's ghost, legendary TeWr


Innate Abilities, Weirdness & Mutations

You are immune to sickness and miasma.
Your stone body is resilient. (AC +20)
You are immune to poison.
Your large and strong wings let you fly.
You resist negative energy. (rN+)
You are resistant to electric shocks. (rElec)
You are resistant to unholy torment.
You are immune to petrification.
You have a pair of small antennae on your head.
You passively map a small area around you.
Your natural rate of healing is unusually fast.


Message History

Vehumet accepts your kill.
You feel your power returning.
The great blast of fire engulfs the cacodemon!!!!
The cacodemon is almost dead.
The great blast of fire engulfs the orange demon!!!!
You kill the orange demon!
Vehumet accepts your kill.
Casting: Fire Storm (mildly dangerous; 1% risk of failure)
Confirm with . or Enter, or press ? or * to list all spells.
Aiming: Fire Storm (mildly dangerous; 1% risk of failure)
Press: ? - help, Dir - move target You feel a strong surge of power!
A raging storm of fire appears!
The great blast of fire engulfs the cacodemon!!!!
You kill the cacodemon!
Vehumet accepts your kill.
You feel your power returning.
You start resting.
A rust devil comes into view.
Casting: Fire Storm (mildly dangerous; 1% risk of failure)
Confirm with . or Enter, or press ? or * to list all spells.
Aiming: Fire Storm (mildly dangerous; 1% risk of failure)
Press: ? - help, Dir - move target You feel a strong surge of power!
A raging storm of fire appears!
The great blast of fire engulfs the rust devil!!!
The rust devil partially resists.
The rust devil is almost dead.
Your fire vortex barely misses the rust devil.
Casting: Fire Storm (mildly dangerous; 1% risk of failure)
Confirm with . or Enter, or press ? or * to list all spells.
Aiming: Fire Storm (mildly dangerous; 1% risk of failure)
Press: ? - help, Dir - move target You feel a strong surge of power!
A raging storm of fire appears!
The great blast of fire engulfs the rust devil!!
The rust devil partially resists.
You kill the rust devil!
Vehumet accepts your kill.
You feel your power returning.
You start resting.
A ynoxinul comes into view.
You have escaped!

#####.......#...#...#.....#...#
.†.......#.............#..#...###
#####.....#......................
.........†.#.....................
........#...#...........#........
#####............#............###
...##.........)...............# #
..............................# #
....#..##.....v.@.....####....# #
....#.................3.....#.###
...............v.................
...........v..........#.....#.###
...#....#..v.v..........#...#.# #
...#......v......)..........#.###
##.#.............................
...#..#...v.....#................
......#.....#...#...#.....#.#####


You could see a ynoxinul and 7 friendly fire vortices.

Vanquished Creatures
  Antaeus (Coc:7)
  Asmodeus (Geh:7)
  Ereshkigal (Tar:7)
  the Royal Jelly (Slime:5)
  Gloorx Vloq (Pan)
  the Serpent of Hell (Dis:7)
  Mnoleg (Pan)
  Lom Lobon (Pan)
  Dispater (Dis:7)
  Khufu (Tomb:3)
  12 orbs of fire
  16 dread liches
  15 ancient liches
  37 pandemonium lords
  Mara (Swamp:3)
  16 juggernauts
  67 royal mummies
  The ghost of Osipn the Impregnable, a veteran MiGl of Hepliaklqana (Crypt:3)
  9 shard shrikes
  Bai Suzhen (Swamp:4)
  29 Killer Klowns
  Xtahua (Vaults:5)
  34 caustic shrikes
  Geryon (Hell)
  A curse toe (Zot:3)
  Vashnia (Snake:4)
  20 golden dragons
  The ghost of Camaan the Warrior, an adept DgCj (Depths:1)
  The ghost of Jetyrhek the Devastator, a veteran GrEE of Lugonu (Crypt:2)
  25 profane servitors
  20 Brimstone Fiends
  12 iron giants
  22 Tzitzimimeh
  6 doom hounds
  20 bone dragons
  26 hellephants
  A spectral shard shrike (Tar:4)
  3 electric golems
  24 Ice Fiends
  24 tainted leviathans
  23 tentacled monstrosities
  5 deep elf blademasters
  32 Hell Sentinels
  24 liches
  Asterion (Elf:1)
  17 Orb Guardians
  2 walking crystal tomes
  28 titans
  A quicksilver dragon (shapeshifter) (Zig:17)
  28 searing wretches
  A walking frostbound tome (Depths:3)
  38 acid blobs
  15 quicksilver dragons
  13 deep elf master archers
  18 sphinxes
  41 ancient champions
  An eldritch tentacle (Pan)
  Murray (Hell)
  12 tentacled starspawn
  7 death cobs
  3 sphinxes (shapeshifter)
  20 Executioners
  A storm dragon (shapeshifter) (Zig:9)
  11 tengu reavers
  6 thorn hunters
  3 shadow dragons (shapeshifter)
  9 storm dragons
  3 azure jellies (shapeshifter)
  78 nagarajas
  33 azure jellies
  3 fenstrider witches
  14 draconian monks
  A daeva (Zig:21)
  18 revenants
  15 shadow dragons
  10 rockslimes
  11 demonspawn warmongers
  26 draconian knights
  25 narguns
  3 fenstrider witches (shapeshifter)
  2 fire giants (shapeshifter)
  14 emperor scorpions
  A frost giant (shapeshifter) (Zig:9)
  9 deep elf sorcerers
  28 draconian scorchers
  A caustic shrike zombie (Zig:20)
  16 frost giants
  A spectral juggernaut (Tar:4)
  Aizul (Vaults:2)
  25 orc warlords
  2 spectral caustic shrikes (Tar:3)
  8 deep elf elementalists
  52 balrugs
  12 iron dragons
  34 fire giants
  The ghost of Xitaol the Ninja, an adept SpEn of Wu Jian (Snake:1)
  41 ghost moths
  17 curse skulls
  41 quicksilver elementals
  A juggernaut zombie (Tomb:2)
  10 demonspawn corrupters
  13 shard shrike simulacra
  17 draconian shifters
  18 cacodemons
  20 demonspawn blood saints
  22 vault wardens
  26 draconian stormcallers
  14 quicksilver oozes
  5 broodmothers
  An angel (Abyss:3)
  49 war gargoyles
  18 ironbound preservers
  A broodmother (shapeshifter) (Zig:17)
  36 draconian annihilators
  50 stone giants
  A juggernaut skeleton (Zig:20)
  5 ghouls
  22 green draconians
  6 ironbound thunderhulks
  34 very ugly things
  19 vampire knights
  28 black draconians
  13 deep elf demonologists
  9 bunyips
  25 reapers
  A bunyip (shapeshifter) (Zig:27)
  19 wendigos
  An eleionoma (shapeshifter) (Zig:17)
  21 putrid mouths
  28 red draconians
  22 bennus
  32 white draconians
  4 spectral titans
  22 elemental wellsprings
  27 entropy weavers
  14 demonspawn black suns
  25 yellow draconians
  8 eleionomae
  11 lorocyprocas
  Azrael (D:13)
  12 deep elf annihilators
  14 dire elephants
  14 spark wasps
  3 entropy weavers (shapeshifter)
  33 purple draconians
  19 deep elf death magi
  15 fire dragons
  25 eidola
  16 blizzard demons
  16 merfolk javelineers
  17 green deaths
  A fire dragon (shapeshifter) (Zig:15)
  8 shambling mangroves
  14 ettins
  A merfolk impaler (Zig:5)
  A spectral golden dragon (Depths:1)
  A crystal guardian (Hell)
  Josephine (Orc:1)
  A spectral kraken (Tar:7)
  A spectral quicksilver dragon (Depths:1)
  51 mummy priests
  14 deep elf high priests
  28 iron golems
  18 jiangshi
  26 yaktaur captains
  14 great orbs of eyes
  3 spriggan zombies
  Erolcha (Orc:2)
  2 spectral iron giants
  A great orb of eyes (shapeshifter) (Zig:27)
  7 boulder beetles
  54 hydras
  4 spectral spriggans
  59 salamander tyrants
  33 vault guards
  24 ice dragons
  10 juggernaut simulacra
  A spectral sphinx (Depths:1)
  A peacekeeper (Vaults:3)
  7 hell beasts
  3 alligator snapping turtles
  6 ghost crabs
  14 caustic shrike simulacra
  11 rakshasas
  3 catoblepae
  18 centaur warriors
  A radroach (shapeshifter) (Zig:17)
  12 ironbound frosthearts
  A catoblepas (shapeshifter) (Zig:22)
  An anaconda (shapeshifter) (Vaults:5)
  3 jorogumos
  7 radroaches
  A jorogumo (shapeshifter) (Zig:17)
  4 ogre magi
  5 spriggan air magi
  3 deep troll shamans
  6 merfolk aquamancers
  12 stokers
  2 spectral stone giants (Tar:1)
  38 hell hogs
  6 death knights
  67 death scarabs
  6 two-headed ogres
  9 alligators
  7 tengu warriors
  3 alligator snapping turtles (shapeshifter)
  25 naga warriors
  34 vampire magi
  24 anacondas
  4 deep troll earth magi
  9 satyrs (Zig:27)
  A spectral storm dragon (Tar:1)
  4 death yaks (Lair:5)
  Urug (D:13)
  28 dancing weapons
  A storm dragon zombie (Zig:20)
  A shock serpent (shapeshifter) (Zig:22)
  5 titan zombies
  45 orc high priests
  26 shock serpents
  11 hell knights
  15 thrashing horrors
  23 soul eaters
  8 spriggan berserkers
  45 naga sharpshooters
  3 titan skeletons (Zig:25)
  A spectral dire elephant (Tar:1)
  27 crystal echidnas
  16 shadow wraiths
  42 sun demons
  Nergalle (Orc:2)
  19 deep elf knights
  18 wretched stars
  2 spatial maelstroms
  11 pharaoh ants
  19 iron trolls
  2 spectral anacondas
  2 spectral bunyips (Tar:1)
  A fire crab (Zig:12)
  7 salamander mystics
  A sea snake (shapeshifter) (Zig:6)
  A goliath frog (shapeshifter) (Zig:17)
  8 goliath frogs
  6 sea snakes
  7 death drakes
  Lodul (D:13)
  18 sixfirhies
  12 steelbarb worms
  A bunyip zombie (Tomb:2)
  14 spriggan druids
  7 glowing orange brains
  A deep troll (shapeshifter) (Zig:27)
  An anaconda zombie (Hell)
  26 orb spiders
  2 spectral iron dragons
  23 swamp dragons
  38 skeletal warriors
  6 bog bodies
  A swamp dragon (shapeshifter) (Zig:27)
  3 storm dragon skeletons
  3 sun moths
  A glowing orange brain (shapeshifter) (Zig:22)
  50 deep trolls
  6 spriggan simulacra
  13 shadow demons
  2 golden dragon skeletons
  A lindwurm (shapeshifter) (D:13)
  8 quicksilver dragon simulacra
  5 harpies
  25 flayed ghosts
  2 kraken simulacra (Coc:7)
  14 naga ritualists
  3 anaconda skeletons
  3 iron dragon zombies
  2 golden dragon zombies
  20 phantasmal warriors
  11 wizards
  Pikel (D:4)
  10 obsidian statues
  48 deep elf pyromancers
  11 orange crystal statues
  24 ironbound convokers
  2 shadow dragon zombies
  13 lindwurms
  16 orc knights
  22 deep elf archers
  12 mana vipers
  38 ugly things
  18 wolf spiders
  4 manticores
  A mana viper (shapeshifter) (Zig:17)
  3 necromancers
  18 cyclopes
  A sphinx zombie (Zig:25)
  A wolf spider (shapeshifter) (Zig:17)
  29 deep elf zephyrmancers
  21 salamanders
  2 shining eyes (shapeshifter)
  42 oklob plants
  39 orc sorcerers
  9 shining eyes
  A spectral ettin (Tar:4)
  12 fauns (Zig:27)
  2 shadow dragon skeletons (Zig:25)
  60 moths of wrath
  A worldbinder (Zig:15)
  2 manticores (shapeshifter)
  6 will-o-the-wisps
  A spectral alligator snapping turtle (Tar:1)
  6 elephants
  A spectral centaur (Tar:2)
  77 black mambas
  An elephant (shapeshifter) (Zig:9)
  31 guardian serpents
  19 apocalypse crabs
  A frost giant skeleton (Crypt:3)
  A black mamba (shapeshifter) (Zig:15)
  11 ice statues
  2 iron dragon skeletons
  3 water nymphs (Zig:5)
  2 guardian serpents (shapeshifter) (Vaults:5)
  19 orange demons
  An orc zombie (Tomb:1)
  18 torpor snails
  4 eyes of devastation
  15 vault sentinels
  Joseph (D:7)
  6 rust devils
  47 naga magi
  5 titan simulacra
  20 cane toads
  A water nymph (shapeshifter) (Zig:27)
  A merfolk siren (Zig:16)
  Maggie (D:7)
  40 smoke demons
  9 spectral swamp worms (Tar:7)
  6 storm dragon simulacra
  A black draconian zombie (Crypt:2)
  50 yaktaurs
  A kobold demonologist (Abyss:3)
  A naga skeleton (Pan)
  6 rime drakes
  2 unseen horrors (D:10)
  A death yak zombie (Crypt:1)
  10 freezing wraiths
  A sea snake zombie (Hell)
  7 anaconda simulacra
  18 demonic crawlers
  14 komodo dragons
  5 efreet
  An alligator snapping turtle skeleton (Tomb:3)
  4 tengu conjurers
  38 hellions
  A dire elephant skeleton (Crypt:3)
  2 ice devils
  5 red devils
  42 tormentors
  10 ancient zymes
  3 spectral nagas
  9 hellwings
  3 merfolk (shapeshifter)
  2 spectral harpies
  2 golden dragon simulacra (IceCv)
  A bloated husk (Swamp:3)
  107 guardian mummies
  2 iron giant simulacra
  8 merfolk
  21 trolls
  7 meliai
  12 polar bears
  11 tarantellas
  11 tyrant leeches
  A shadow dragon simulacrum (Zig:7)
  26 hornets
  A dream sheep (shapeshifter) (Zig:8)
  A guardian serpent zombie (Crypt:3)
  A moth of wrath zombie (Crypt:1)
  A tarantella (shapeshifter) (Zig:17)
  A snapping turtle (shapeshifter) (Depths:3)
  8 wind drakes
  22 blink frogs
  94 slime creatures
  5 iron dragon simulacra
  A raiju (shapeshifter) (Zig:17)
  4 raiju
  A slime creature (shapeshifter) (Zig:22)
  A stone giant simulacrum (Coc:7)
  2 snapping turtles
  20 dream sheep
  10 jumping spiders
  An alligator skeleton (Hell)
  6 culicivoras
  39 flying skulls
  2 culicivoras (shapeshifter) (Zig:27)
  4 jumping spiders (shapeshifter)
  A spriggan (shapeshifter) (Zig:9)
  9 water elementals
  12 air elementals
  27 starcursed masses
  7 dire elephant simulacra
  17 spriggans
  18 wraiths
  6 wyverns
  3 naga simulacra
  29 yaks
  A centaur simulacrum (D:14)
  2 shadows
  2 vampires
  17 ynoxinuls
  7 fire elementals
  27 neqoxecs
  52 ushabtiu
  10 golden eyes
  6 basilisks
  30 chaos spawn
  14 redbacks
  7 steam dragons
  32 large abominations
  14 vampire mosquitoes
  23 wargs
  14 harpy simulacra
  51 nagas
  2 sea snake simulacra (Hell)
  A redback (shapeshifter) (Zig:27)
  13 water moccasins
  8 acid dragons
  A swamp worm (shapeshifter) (Zig:15)
  A glowing shapeshifter zombie (Zig:20)
  Menkaure (D:7)
  17 swamp worms
  4 hydra simulacra
  A nameless horror (Pan)
  7 floating eyes
  30 hell hounds
  106 orc warriors
  An ice beast (D:5)
  A cane toad skeleton (Crypt:2)
  A merfolk skeleton (Crypt:3)
  21 swamp drakes
  A manticore zombie (Crypt:3)
  10 ice dragon simulacra (IceCv)
  2 ettin simulacra
  A sky beast (shapeshifter) (Vaults:5)
  16 black bears
  3 sky beasts
  5 boggarts (Vaults:4)
  67 ogres
  19 wolves
  16 centaurs
  4 lemures (D:4)
  2 phantoms (D:6)
  A dream sheep skeleton (Crypt:2)
  5 small abominations
  A torpor snail zombie (Crypt:1)
  A shining eye zombie (Crypt:2)
  A vine stalker zombie (Crypt:2)
  3 kobold brigands
  9 bullfrogs
  6 scorpions
  10 earth elementals
  3 necrophages
  4 gnoll sergeants
  9 wights
  A hornet simulacrum (D:15)
  4 lindwurm simulacra (IceCv)
  A polar bear skeleton (Crypt:1)
  A yak skeleton (Crypt:2)
  14 howler monkeys
  An electric eel (Snake:3)
  3 crimson imps (Pan)
  A quasit (Abyss:3)
  5 gnoll boudas
  10 hounds
  A jelly (D:6)
  26 orc priests
  A bullfrog skeleton (Crypt:3)
  10 hell rats
  8 iguanas
  52 orc wizards
  A naga zombie (Crypt:3)
  An ogre skeleton (Crypt:2)
  110 mummies
  16 gnolls
  A steam dragon zombie (Crypt:3)
  16 adders
  3 river rats (Sewer)
  A shadow imp (D:6)
  4 white imps
  2 ufetubi (Abyss:3)
  A lava snake zombie (Crypt:1)
  A worm zombie (Crypt:3)
  An adder skeleton (Crypt:1)
  3 dart slugs
  5 worms
  82 orcs
  9 endoplasms
  A giant cockroach (D:3)
  8 goblins
  9 hobgoblins
  6 jackals
  13 kobolds
  3 quokkas
  12 ball pythons
  A ball python zombie (Crypt:1)
  4 bats
  12 frilled lizards
  A jackal zombie (Crypt:2)
  34 rats
  A rat zombie (Crypt:3)
  6 ball lightnings
  5 briar patches (Zig:16)
  8 creeping infernos
  103 fire vortices
  2 fulminant prisms
  A plant (Zig:20)
  4 starspawn tentacles (Zig:15)
  4 tentacles (Tar:7)
6687 creatures vanquished.

Vanquished Creatures (collateral kills)
  A dread lich (Zig:27)
  An ancient lich (Geh:7)
  4 pandemonium lords
  5 juggernauts
  7 royal mummies
  8 caustic shrikes
  2 shard shrikes
  12 profane servitors
  3 bone dragons
  A doom hound (Tar:7)
  3 iron giants
  3 Tzitzimimeh
  2 Brimstone Fiends
  5 Hell Sentinels
  5 hellephants
  2 tentacled monstrosities
  An Orb Guardian (Zot:5)
  4 tainted leviathans
  3 searing wretches
  A deep elf blademaster (Zig:20)
  4 acid blobs
  2 Executioners (Pan)
  7 ancient champions
  A tengu reaver (Vaults:5)
  4 nagarajas
  3 sphinxes (Tomb:1)
  A storm dragon (Zig:18)
  A draconian monk (Zig:20)
  A revenant (Zig:9)
  A vault warden (Zig:8)
  5 fire giants
  A demonspawn warmonger (Pan)
  3 quicksilver elementals
  2 cacodemons
  4 iron dragons
  2 ghost moths
  6 orc warlords
  A draconian scorcher (Zig:11)
  A ghoul (Zig:16)
  2 draconian shifters
  5 balrugs
  A draconian stormcaller (Zig:20)
  2 stone giants
  A draconian annihilator (Zig:14)
  An ironbound preserver (Vaults:5)
  2 demonspawn blood saints (Pan)
  2 very ugly things
  3 reapers
  7 war gargoyles
  An eleionoma (shapeshifter) (Zig:22)
  3 dire elephants (Zig:21)
  5 putrid mouths
  4 white draconians
  A yellow draconian (Zig:12)
  2 lorocyprocas (Pan)
  A purple draconian (Zig:14)
  2 demonspawn black suns
  A spectral titan (Tar:4)
  2 black draconians
  An eidolon (Zig:19)
  2 blizzard demons (Pan)
  A red draconian (Zot:4)
  7 iron golems
  A merfolk javelineer (Zig:16)
  4 green deaths (Pan)
  2 fire dragons (Zig:18)
  2 mummy priests
  2 spectral golden dragons (Depths:1)
  3 spectral spriggans
  A hell beast (Pan)
  A salamander tyrant (Zig:19)
  An ogre mage (Vaults:5)
  A catoblepas (Zig:21)
  2 hydras
  A satyr (Zig:27)
  A death yak (Zig:21)
  3 death scarabs
  A merfolk aquamancer (Zig:5)
  3 stokers
  2 naga warriors
  A hell hog (Hell)
  2 spectral dire elephants
  An orc high priest (Zig:18)
  2 naga sharpshooters
  13 sun demons (Pan)
  2 iron trolls
  8 soul eaters (Pan)
  3 crystal echidnas
  A wretched star (Zig:15)
  A golden dragon zombie (Zig:20)
  A steelbarb worm (Zig:19)
  2 sixfirhies (Pan)
  A flayed ghost (Zig:19)
  A shadow wraith (Pan)
  An anaconda zombie (Tomb:1)
  3 orc knights
  2 orb spiders (Zig:24)
  A spriggan simulacrum (Coc:1)
  An anaconda skeleton (Tomb:1)
  An orc sorcerer (Zig:17)
  A mana viper (Zig:23)
  An oklob plant (Zig:24)
  A moth of wrath (Zig:14)
  4 naga magi
  3 orange demons (Pan)
  A torpor snail (Zig:16)
  An apocalypse crab (Zig:9)
  A black mamba (Zig:21)
  A cane toad (Zig:21)
  10 smoke demons
  2 hellions
  A demonic crawler (Pan)
  6 spectral swamp worms (Tar:7)
  A rime drake (Zig:21)
  5 tormentors
  2 yaktaurs (Zig:27)
  An ice devil (Pan)
  3 hellwings (Pan)
  4 guardian mummies
  2 spectral nagas
  2 silent spectres
  A spectral harpy (Tar:2)
  An ancient zyme (Zig:21)
  A slime creature (Zig:25)
  A stone giant simulacrum (Coc:4)
  A dream sheep (Zig:21)
  A dire elephant simulacrum (Coc:6)
  9 ynoxinuls
  A golden eye (Zig:21)
  A steam dragon (Zig:18)
  4 chaos spawn (Pan)
  2 neqoxecs (Pan)
  A redback (Zig:24)
  2 harpy simulacra
  5 nagas
  A warg (Zig:24)
  4 water moccasins (Zig:21)
  A floating eye (Pan)
  11 large abominations
  2 orc warriors
  2 ogres
  A boggart (shapeshifter) (Zig:15)
  2 centaurs (Zig:27)
  9 starcursed masses
  3 orc priests
  A hell rat (Hell)
  An orc wizard (Zig:24)
  26 mummies
  A gnoll (Zig:18)
  6 fire vortices
416 creatures vanquished.

Vanquished Creatures (others)
  A pandemonium lord (Zig:15)
  An ancient lich (Zig:27)
  A Killer Klown (Zig:15)
  A nagaraja (Zig:23)
  A draconian annihilator (Zig:17)
  3 very ugly things (Zig:15)
  An alligator snapping turtle (shapeshifter) (Zig:15)
  An iron troll (shapeshifter) (Zig:15)
  A deep troll (shapeshifter) (Zig:15)
  A spriggan simulacrum (Coc:2)
  A torpor snail (shapeshifter) (Zig:15)
  3 apocalypse crabs (Zig:15)
  2 chaos spawn (Zig:15)
  A harpy simulacrum (Coc:2)
  3 ball lightnings
  2850 fire vortices
  4 foxfires
  627 fulminant prisms
  50 fungi
  212 plants
  12 starspawn tentacles
  8 tentacles (Coc:7)
3785 creatures vanquished.

Grand Total: 10888 creatures vanquished

Notes
Turn   | Place    | Note
-------+----------+-------------------------------------------
     0 | D:1      | GnomeSayin the Gargoyle Ice Elementalist began the quest
                  | for the Orb.
     0 | D:1      | Reached XP level 1. HP: 10/10 MP: 3/3
   412 | D:1      | Reached XP level 2. HP: 5/15 MP: 2/5
  1211 | D:1      | Reached skill level 1 in Fighting
  1257 | D:1      | Reached XP level 3. HP: 20/20 MP: 7/7
  1331 | D:1      | You fall into a shaft and drop 1 floor!
  1367 | D:2      | Found a hazy altar of Hepliaklqana.
  1666 | D:1      | Reached skill level 1 in Ranged Weapons
  2146 | D:2      | Found a faded altar of an unknown god.
  2348 | D:2      | Reached skill level 1 in Conjurations
  2348 | D:2      | Reached XP level 4. HP: 22/26 MP: 5/8
  2351 | D:2      | Learned a level 2 spell: Searing Ray
  3104 | D:3      | Reached XP level 5. HP: 27/30 MP: 4/9
  3759 | D:3      | Found a runed translucent door.
  3764 | D:3      | Noticed Evacnow's ghost (amateur GrIE)
  4042 | D:3      | Found a runed translucent door.
  4332 | D:4      | Found Sihoeso's Armour Shoppe.
  4339 | D:4      | Bought a +0 helmet of intelligence for 149 gold pieces
  4398 | D:4      | Reached XP level 6. HP: 35/35 MP: 5/11
  4551 | D:5      | Entered Level 5 of the Dungeon
  4559 | D:5      | Found a glowing drain.
  4618 | Sewer    | Entered a sewer
  5362 | Sewer    | Reached skill level 5 in Conjurations
  5364 | Sewer    | Reached XP level 7. HP: 40/40 MP: 5/13
  5642 | D:5      | Reached skill level 5 in Spellcasting
  5938 | D:5      | Reached skill level 1 in Hexes
  6134 | D:5      | Reached XP level 8. HP: 39/44 MP: 7/15
  6306 | D:5      | Found Vuedad's General Store.
  6312 | D:5      | Bought a potion of mutation for 96 gold pieces
  6561 | D:4      | Learned a level 4 spell: Fulminant Prism
  6795 | D:5      | Bought a potion of attraction for 36 gold pieces
  7616 | D:6      | Found a staircase to the Ecumenical Temple.
  7617 | D:6      | Found an ancient bone altar of Kikubaaqudgha.
  8368 | D:6      | Noticed a white ugly thing
  8446 | D:4      | Noticed Pikel
  8455 | D:4      | Killed Pikel
  8456 | D:4      | Reached XP level 9. HP: 48/48 MP: 5/18
  8747 | D:6      | Killed a white ugly thing
  9133 | D:7      | Noticed Joseph
  9142 | D:7      | Killed Joseph
  9143 | D:7      | Noticed Menkaure
  9499 | D:7      | Noticed Maggie
  9504 | D:6      | Reached skill level 10 in Conjurations
  9567 | D:6      | Noticed an eight-headed hydra
  9723 | D:7      | Killed Menkaure
  9724 | D:7      | Reached XP level 10. HP: 56/56 MP: 11/22
  9963 | D:7      | Identified the +3 ring mail of Cheibriados's Fury {rC-
                  | Will+++ Int-2 SInv}
 10061 | D:7      | Killed Maggie
 10443 | Temple   | Entered the Ecumenical Temple
 10567 | Temple   | Became a worshipper of Vehumet
 10637 | D:7      | Learned a level 4 spell: Iskenderun's Mystic Blast
 11205 | D:7      | Reached skill level 1 in Translocations
 11555 | D:7      | Reached * piety under Vehumet
 11555 | D:7      | Offered knowledge of Sandblast by Vehumet.
 12220 | D:7      | Noticed a cyclops
 12252 | D:7      | Killed a cyclops
 12253 | D:7      | Reached XP level 11. HP: 62/62 MP: 3/24
 12538 | D:8      | Reached skill level 5 in Fighting
 12939 | D:8      | Noticed a two-headed ogre
 12948 | D:8      | Killed a two-headed ogre
 13060 | D:8      | Found a blossoming altar of Fedhas.
 13112 | D:8      | Found a sparkling altar of Nemelex Xobeh.
 13112 | D:8      | Found an opulent altar of Gozag.
 13184 | D:8      | Found a basalt altar of Yredelemnul.
 13186 | D:8      | Found a stormy altar of Qazlal.
 13190 | D:8      | Found a hazy altar of Hepliaklqana.
 13190 | D:8      | Found a shadowy altar of Dithmenos.
 13191 | D:8      | Found a shimmering blue altar of Sif Muna.
 13402 | D:9      | Found a snail-covered altar of Cheibriados.
 13403 | D:9      | Found a glowing golden altar of the Shining One.
 14119 | D:9      | Offered knowledge of Static Discharge by Vehumet.
 14122 | D:9      | Reached ** piety under Vehumet
 14159 | D:9      | Found a staircase to the Lair.
 14254 | D:9      | Found a staircase to the Orcish Mines.
 14609 | Lair:1   | Entered Level 1 of the Lair of Beasts
 15516 | Lair:2   | Found a staircase to the Swamp.
 15516 | Lair:2   | Noticed a will-o-the-wisp
 15524 | Lair:2   | Killed a will-o-the-wisp
 15761 | Lair:2   | Reached skill level 10 in Spellcasting
 16684 | Lair:3   | Reached skill level 1 in Evocations
 16802 | Lair:3   | Reached XP level 12. HP: 75/75 MP: 17/26
 16937 | Lair:3   | Reached skill level 10 in Fighting
 17226 | Lair:3   | Offered knowledge of Conjure Flame by Vehumet.
 17260 | Lair:3   | Found a staircase to the Snake Pit.
 17549 | Lair:3   | Noticed a seven-headed hydra
 17561 | Lair:3   | Killed a seven-headed hydra
 18020 | Lair:4   | Reached *** piety under Vehumet
 18354 | Lair:4   | Offered knowledge of Inner Flame by Vehumet.
 18362 | Lair:4   | Noticed a four-headed hydra
 18509 | Lair:4   | Killed a four-headed hydra
 18613 | Lair:4   | You fall into a shaft and drop 1 floor!
 18613 | Lair:5   | Entered Level 5 of the Lair of Beasts
 18613 | Lair:5   | Noticed a catoblepas
 18621 | Lair:5   | Killed a catoblepas
 18640 | Lair:5   | Reached skill level 15 in Conjurations
 18951 | Lair:4   | Reached XP level 13. HP: 84/84 MP: 12/27
 19076 | Lair:4   | Found a staircase to the Slime Pits.
 19614 | Lair:5   | Reached **** piety under Vehumet
 19881 | Lair:5   | Offered knowledge of Flame Wave by Vehumet.
 20407 | Lair:4   | Learned a level 7 spell: Orb of Destruction
 21897 | Lair:5   | Gained mutation: Your large and strong wings let you fly.
                  | [Gargoyle growth]
 21897 | Lair:5   | Reached XP level 14. HP: 96/96 MP: 25/29
 21981 | Lair:5   | Reached ***** piety under Vehumet
 21987 | Lair:5   | Offered knowledge of Iskenderun's Battlesphere by Vehumet.
 22409 | Lair:5   | Identified the +8 dagger of Zuoghof {vamp, *Slow rElec
                  | Dex+2 SInv}
 23346 | D:9      | Learned a level 5 spell: Iskenderun's Battlesphere
 23348 | D:9      | Learned a level 1 spell: Magic Dart
 23367 | D:10     | Entered Level 10 of the Dungeon
 25325 | D:11     | Reached skill level 15 in Fighting
 25326 | D:11     | Reached skill level 1 in Armour
 26073 | Orc:1    | Entered Level 1 of the Orcish Mines
 26073 | Orc:1    | Noticed Josephine
 26077 | Orc:1    | Killed Josephine
 26435 | Orc:2    | Entered Level 2 of the Orcish Mines
 26451 | Orc:2    | Offered knowledge of Ozocubu's Refrigeration by Vehumet.
 26826 | Orc:2    | Found Totehann's Antique Weapon Shoppe.
 26878 | Orc:2    | Noticed Nergalle
 26881 | Orc:2    | Killed Nergalle
 27030 | Orc:2    | Found an ancient bone altar of Kikubaaqudgha.
 27052 | Orc:2    | Noticed Erolcha
 27057 | Orc:2    | Killed Erolcha
 27098 | Orc:2    | Found a radiant altar of Vehumet.
 27179 | Orc:2    | Found Taefil's Jewellery Shoppe.
 27179 | Orc:2    | Found Tuexulyqy's Book Emporium.
 27184 | Orc:2    | Reached XP level 15. HP: 93/103 MP: 31/31
 27192 | Orc:2    | Found Juomp's Distillery.
 27203 | Orc:2    | Bought a potion of magic for 128 gold pieces
 27203 | Orc:2    | Bought a potion of degeneration for 16 gold pieces
 27203 | Orc:2    | Bought 2 potions of resistance for 320 gold pieces
 27369 | Orc:2    | Found a staircase to the Elven Halls.
 27693 | Orc:2    | Found a large runed translucent door.
 27714 | Orc:2    | Found a large runed translucent door.
 27715 | Orc:2    | Noticed pesado's ghost (journeyman HOFi)
 28007 | Orc:2    | Bought a book of Alchemy for 336 gold pieces
 28007 | Orc:2    | Bought a book of Blasting for 384 gold pieces
 28013 | Orc:2    | Learned a level 5 spell: Irradiate
 28167 | D:13     | Found Namusuur's Armour Shop.
 28174 | D:13     | Noticed Urug
 28180 | D:13     | Killed Urug
 28280 | D:13     | Found Meanut's Weapon Shop.
 28291 | D:13     | Identified the +4 scale mail of Duutuxa {rElec Will+ Str+5}
 28324 | D:13     | Noticed Lodul
 28330 | D:13     | Killed Lodul
 28504 | D:13     | Noticed Azrael
 28513 | D:13     | Killed Azrael
 28682 | D:13     | Found Ickiluet's Armour Shoppe.
 28719 | D:13     | Found Ijuinu Lep's Distillery.
 28722 | D:13     | Bought a potion of lignification for 45 gold pieces
 28722 | D:13     | Bought a potion of magic for 120 gold pieces
 28722 | D:13     | Bought a potion of haste for 150 gold pieces
 28983 | D:13     | Reached skill level 1 in Transmutations
 30470 | D:14     | Found Cebiun's Neck Hole.
 30479 | D:14     | Bought an amulet of magic regeneration for 420 gold pieces
 30610 | D:14     | Found a gate to the Vaults.
 31036 | D:15     | Entered Level 15 of the Dungeon
 31148 | D:15     | Found Pankiptes's Jewellery Shoppe.
 31184 | D:15     | Identified a scroll of acquirement
 31193 | D:15     | Acquired the ring "Kiajubus" {rN+ rCorr Str-4 Dex+6 SInv}
 31317 | D:15     | Found Roajos's Antique Weapon Shop.
 31392 | D:15     | Identified the +5 ring mail "Kineentelo" {rCorr Int+2
                  | Dex+6}
 31426 | D:15     | Reached skill level 1 in Earth Magic
 31482 | D:15     | Reached XP level 16. HP: 110/110 MP: 34/34
 31483 | D:15     | Reached XP level 17. HP: 115/115 MP: 35/35
 31546 | D:15     | Found Qumos's Antique Weapon Emporium.
 31556 | D:15     | Found Teude's Jewellery Emporium.
 31657 | D:15     | Found a staircase to the Depths.
 32028 | Swamp:1  | Entered Level 1 of the Swamp
 32036 | Swamp:1  | Reached skill level 5 in Earth Magic
 32286 | Swamp:1  | Reached ****** piety under Vehumet
 32449 | Swamp:1  | Offered knowledge of Freezing Cloud by Vehumet.
 32503 | Swamp:1  | Reached XP level 18. HP: 120/120 MP: 27/36
 32579 | Swamp:1  | Reached skill level 5 in Evocations
 32585 | Swamp:1  | Learned a level 5 spell: Freezing Cloud
 33011 | Swamp:2  | Learned a level 5 spell: Lee's Rapid Deconstruction
 33552 | Swamp:3  | Noticed Mara
 33555 | Swamp:3  | Killed Mara
 33908 | Swamp:3  | Found a hazy altar of Hepliaklqana.
 34120 | Swamp:4  | Entered Level 4 of the Swamp
 34175 | Swamp:4  | Offered knowledge of Lightning Bolt by Vehumet.
 34374 | Swamp:4  | Noticed Bai Suzhen
 34516 | Swamp:4  | Killed Bai Suzhen
 34517 | Swamp:4  | Reached skill level 15 in Spellcasting
 34963 | Swamp:4  | Reached XP level 19. HP: 95/128 MP: 23/38
 35177 | Swamp:4  | Got a decaying rune of Zot
 35402 | Snake:1  | Entered Level 1 of the Snake Pit
 35428 | Snake:1  | Found Ryoj's General Store.
 35459 | Snake:1  | Found an iron altar of Okawaru.
 35981 | Snake:1  | Noticed Xitaol's ghost (adept SpEn)
 35990 | Snake:1  | Found a runed translucent door.
 36323 | Snake:1  | Killed Xitaol's ghost
 36547 | Snake:2  | Offered knowledge of Iron Shot by Vehumet.
 36680 | Snake:2  | Found Qezuseav's General Store.
 36682 | Snake:2  | Found Golluyw's Weapon Shop.
 36686 | Snake:2  | Found Gaveylal's Book Shop.
 36687 | Snake:2  | Found Latroc's Book Shop.
 38078 | Snake:4  | Entered Level 4 of the Snake Pit
 38132 | Snake:4  | Offered knowledge of Eringya's Noxious Bog by Vehumet.
 38519 | Snake:4  | Reached skill level 10 in Earth Magic
 39238 | Snake:4  | Reached XP level 20. HP: 133/136 MP: 42/42
 39296 | Snake:4  | Noticed Vashnia
 39300 | Snake:4  | Offered knowledge of Conjure Ball Lightning by Vehumet.
 39303 | Snake:4  | Killed Vashnia
 39515 | Snake:4  | Got a serpentine rune of Zot
 39952 | Snake:2  | Bought a scroll of blinking for 105 gold pieces
 39952 | Snake:2  | Bought a scroll of magic mapping for 105 gold pieces
 40204 | Vaults:1 | Entered Level 1 of the Vaults
 41115 | Vaults:1 | Identified the +1 chain mail of the Gloaming {Int+7 Dex+4}
 41711 | Vaults:2 | Found a staircase to the Crypt.
 41711 | Vaults:2 | Found a basalt altar of Yredelemnul.
 41711 | Vaults:2 | Found an ancient bone altar of Kikubaaqudgha.
 41854 | Vaults:2 | Found Poar Bec's Armour Shop.
 41926 | Vaults:2 | Noticed Aizul
 41935 | Vaults:2 | Killed Aizul
 42188 | Vaults:2 | Identified the +0 robe of the New World {Dex+4}
 43080 | Vaults:3 | Offered knowledge of Lehudib's Crystal Spear by Vehumet.
 43080 | Vaults:3 | Offered knowledge of Fire Storm by Vehumet.
 43080 | Vaults:3 | Offered knowledge of Chain Lightning by Vehumet.
 43081 | Vaults:3 | Reached XP level 21. HP: 126/144 MP: 40/44
 43234 | Vaults:3 | Found a transporter.
 43244 | Vaults:3 | Found a transporter.
 43553 | Vaults:3 | Found Rupeerch's Distillery.
 43561 | Vaults:3 | Bought a potion of haste for 150 gold pieces
 43561 | Vaults:3 | Bought a potion of brilliance for 60 gold pieces
 45914 | Elf:1    | Entered Level 1 of the Elven Halls
 46026 | Elf:1    | Paralysed by an air elemental for 1 turns
 46039 | Elf:1    | Found a frozen archway.
 46083 | IceCv    | Entered an ice cave
 46360 | IceCv    | Noticed a golden dragon
 46362 | IceCv    | Killed a golden dragon
 46363 | IceCv    | Reached XP level 22. HP: 152/152 MP: 35/45
 46421 | IceCv    | Identified the ring of the Empty Page {rF+ Will+ Stlth+}
 46626 | Elf:1    | Noticed Asterion
 46637 | Elf:1    | Killed Asterion
 46711 | Elf:1    | Found Icaip's Jewellery Shop.
 47344 | Elf:1    | Reached skill level 1 in Shields
 47676 | Elf:2    | Paralysed by an air elemental for 1 turns
 47689 | Elf:2    | Reached skill level 5 in Shields
 47771 | Elf:2    | Found a runed translucent gate.
 47772 | Elf:2    | Found a runed translucent gate.
 47781 | Elf:2    | Found a runed translucent gate.
 47830 | Elf:2    | Found a shimmering blue altar of Sif Muna.
 48012 | Elf:2    | Found Mili's Book Shop.
 48035 | Elf:2    | Bought the Directory of the Immovable Seers for 560 gold
                  | pieces
 48037 | Elf:2    | Learned a level 1 spell: Apportation
 48099 | Elf:3    | Entered Level 3 of the Elven Halls
 48109 | Elf:3    | Paralysed by an air elemental for 1 turns
 48285 | Elf:3    | Identified the +11 halberd of Law {holy, rCorr Dex+2}
 48387 | Elf:3    | Reached skill level 1 in Staves
 48523 | Elf:3    | Identified the +4 quarterstaff "Tyjoac" {vorpal, rN+ Str+4}
                  | (You took it off a deep elf elementalist on level 3 of the
                  | Elven Halls)
 48554 | Elf:3    | Got the Compilation of Hubris
 48582 | Elf:3    | Got the Almanac of Snowy Poisoning
 48633 | Elf:3    | Identified the +7 falchion of Fuwkuosi {freeze, Dex+3}
 49049 | Elf:3    | Found Fiozojew's Weapon Emporium.
 49212 | Elf:3    | Found Byle's Vocational Training.
 49849 | Depths:1 | Entered Level 1 of the Depths
 50006 | Depths:1 | Found Qoexoley's Book Emporium.
 50007 | Depths:1 | Found Biby's Jewellery Boutique.
 50008 | Depths:1 | Found Napnoess's Book Emporium.
 50014 | Depths:1 | Bought a book of Unlife for 432 gold pieces
 50020 | Depths:1 | Learned a level 5 spell: Borgnjor's Vile Clutch
 50039 | Depths:1 | Found a one-way gateway to a ziggurat.
 50089 | Depths:1 | Reached skill level 1 in Necromancy
 50487 | Depths:1 | Found a runed translucent gate.
 50487 | Depths:1 | Found a gateway to Hell.
 50487 | Depths:1 | Found a runed translucent gate.
 50487 | Depths:1 | Found a runed translucent gate.
 50488 | Depths:1 | Noticed an ancient lich
 50501 | Depths:1 | Reached XP level 23. HP: 160/160 MP: 22/47
 50504 | Depths:1 | Noticed Camaan's ghost (adept DgCj)
 50504 | Depths:1 | Noticed an ancient lich
 50571 | Depths:1 | Found a one-way gate leading to the halls of Pandemonium.
 51604 | Depths:2 | Found an iron altar of Okawaru.
 52191 | Depths:2 | Noticed a golden dragon
 52196 | Depths:2 | Killed a golden dragon
 52484 | Depths:3 | Found a stormy altar of Qazlal.
 52523 | Depths:3 | Noticed a golden dragon
 52534 | Depths:3 | Killed a golden dragon
 52541 | Depths:3 | Noticed a golden dragon
 52610 | Depths:3 | Killed a golden dragon
 52611 | Depths:3 | Reached skill level 10 in Shields
 52722 | Depths:3 | Identified the +11 dire flail of Wyrd {venom, Contam Drain
                  | rN+++}
 52936 | Depths:3 | Reached skill level 5 in Fire Magic
 53357 | Depths:3 | Identified the +7 spear of Laum {spect, Int+10}
 53483 | Depths:3 | Identified the +10 shortbow "Fegucsam" {flame, Int+4}
 53799 | Depths:3 | Found a one-way gate to the infinite horrors of the Abyss.
 54326 | Depths:4 | Entered Level 4 of the Depths
 54788 | Depths:4 | Reached XP level 24. HP: 147/166 MP: 41/48
 54879 | Depths:4 | Found a gate to the Realm of Zot.
 55818 | Depths:4 | Upgraded the game from 0.29.0-4-gdea44cf6ec to
                  | 0.29.0-5-ge4962eb29e
 55823 | Depths:4 | Learned a level 4 spell: Passage of Golubria
 55832 | Depths:4 | Learned a level 8 spell: Lehudib's Crystal Spear
 55835 | Depths:4 | Learned a level 2 spell: Passwall
 56228 | Slime:1  | Entered Level 1 of the Pits of Slime
 56241 | Slime:2  | You are sucked into a shaft and drop 1 floor!
 56698 | Slime:5  | Entered Level 5 of the Pits of Slime
 57124 | Slime:5  | Noticed the Royal Jelly
 57133 | Slime:5  | Killed the Royal Jelly
 57192 | Slime:5  | Got a slimy rune of Zot
 57213 | Slime:5  | Identified the ring "Kiogab" {rElec rF+ rC+ Will- Dex+4}
 57272 | Slime:5  | Got the Directory of the Blaze and Translocation
 57642 | Crypt:1  | Entered Level 1 of the Crypt
 57683 | Vaults:2 | Reached skill level 10 in Fire Magic
 58865 | Crypt:1  | Acquired 1160 gold pieces
 59170 | Crypt:2  | Reached XP level 25. HP: 173/173 MP: 28/48
 59812 | Crypt:2  | Found a runed translucent door.
 59813 | Crypt:2  | Noticed Jetyrhek's ghost (veteran GrEE)
 60072 | Crypt:3  | Entered Level 3 of the Crypt
 60358 | Crypt:3  | Identified the ring "Vadifemo" {Fly rElec rPois rC- rN+}
 60433 | Crypt:3  | Identified the ring of Raddoib {rPois rN+ Will- Dex+2}
 60723 | Crypt:3  | Found a runed translucent door.
 60728 | Crypt:3  | Noticed Osipn's ghost (veteran MiGl)
 60738 | Crypt:3  | Killed Osipn's ghost
 60834 | Crypt:3  | Found a staircase to the Tomb.
 61126 | Crypt:3  | Reached skill level 15 in Fire Magic
 61126 | Crypt:3  | Noticed an ancient lich
 61126 | Crypt:3  | Noticed an ancient lich
 61179 | Crypt:3  | Killed an ancient lich
 61179 | Crypt:3  | Killed an ancient lich
 61185 | Crypt:3  | Identified the ring "Meohi" {Fire Dex+6 Slay+2}
 61189 | Crypt:3  | Identified the +8 battleaxe of Fedhas's Indignation
                  | {vorpal, rF+}
 61190 | Crypt:3  | Identified the ring of Lilacs {+Blink rPois rC- rN+ Dex-3}
 61191 | Crypt:3  | Identified the +8 sling of Karma {venom, rN++ rCorr Int+2
                  | Dex-3}
 61192 | Crypt:3  | Identified the +4 halberd of Indomitability {vamp, *Noise
                  | rF++ Int+2 Dex-5}
 61194 | Crypt:3  | Got the Catalogue of Assembled Bolts
 61260 | Crypt:2  | Killed Jetyrhek's ghost
 61483 | Vaults:3 | Identified the ring "Porayto" {rElec MP+9 Slay+2}
 61487 | Vaults:3 | Identified the +3 rapier "Puffuotoen" {vorpal, rC+ Int+3}
 61790 | Zot:1    | Entered Level 1 of the Realm of Zot
 62554 | Zot:1    | Identified the +11 sling "Omioj" {venom, rC+ rCorr}
 63019 | Zot:1    | Identified the +3 longbow "Tereij" {vorpal, Int+3}
 63244 | Zot:1    | Reached XP level 26. HP: 179/179 MP: 38/48
 63919 | Zot:2    | Noticed a Killer Klown
 64132 | Zot:2    | Killed a Killer Klown
 66583 | Depths:1 | Learned a level 9 spell: Fire Storm
 66777 | Vaults:5 | Entered Level 5 of the Vaults
 66783 | Vaults:5 | Noticed Xtahua
 66793 | Vaults:5 | Killed Xtahua
 66811 | Vaults:5 | Noticed a dread lich
 66815 | Vaults:5 | Reached XP level 27. HP: 115/184 MP: 34/48
 66820 | Vaults:5 | Killed a dread lich
 66834 | Vaults:5 | Killed an ancient lich
 67135 | Vaults:5 | Noticed a dread lich
 67140 | Vaults:5 | Killed a dread lich
 67251 | Vaults:5 | Got a silver rune of Zot
 67269 | Vaults:5 | Identified the +5 halberd of Meskam {venom, Str+3}
 67817 | Vaults:5 | Found Hacw's Weapon Shoppe.
 67843 | Vaults:5 | Identified the +1 robe of Fallacy {Fly rElec}
 68415 | Hell     | Entered the Vestibule of Hell
 68415 | Hell     | Noticed Geryon
 68419 | Hell     | Noticed Murray
 68420 | Hell     | Killed Geryon
 68573 | Zig:1    | Entered Level 1 of a ziggurat
 68587 | Zig:2    | Entered Level 2 of a ziggurat
 68630 | Zig:3    | Entered Level 3 of a ziggurat
 68648 | Zig:4    | Entered Level 4 of a ziggurat
 68671 | Zig:4    | Identified the +8 triple sword of the Vestibule of Hell
                  | {holy, rF- rN+ Str+4}
 68688 | Zig:5    | Entered Level 5 of a ziggurat
 68704 | Zig:5    | Got Reuss's Anthology of Poison and Changing
 68798 | Zig:6    | Entered Level 6 of a ziggurat
 68804 | Zig:6    | Killed an ancient lich
 68804 | Zig:6    | Noticed a royal mummy
 68805 | Zig:6    | Killed a royal mummy
 68935 | Zig:6    | Identified the +3 falchion of Foolhardiness {speed, Dex+7}
 68951 | Zig:7    | Entered Level 7 of a ziggurat
 68965 | Zig:7    | Identified the +7 hand axe of Resumed Hostilities {drain,
                  | Int+3}
 68972 | Zig:7    | Got the Lessons on Coordinates
 68973 | Zig:7    | Identified the +6 whip of Vacytupn {vorpal, Str+2 Int+4
                  | Dex-2}
 68976 | Zig:7    | Identified the ring of Okawaru's Scorn {rCorr Str+4}
 68985 | Zig:8    | Entered Level 8 of a ziggurat
 69060 | Zig:8    | Learned a level 7 spell: Ozocubu's Refrigeration
 69062 | Zig:9    | Entered Level 9 of a ziggurat
 69081 | Zig:9    | Noticed Unwa the pandemonium lord
 69092 | Zig:9    | Killed Unwa the pandemonium lord
 69451 | Zig:9    | Identified the ring "Usigyd" {Str+8 Int+6}
 69455 | Zig:9    | Identified the -2 helmet of Gluttony {*Corrode rElec Dex+7
                  | SInv}
 69456 | Zig:9    | Identified the +0 helmet of Agoraphobia {Fly}
 69463 | Zig:9    | Identified the +1 robe "Ucvucso" {+Blink Dex+2 Stlth-}
 69467 | Zig:9    | Identified the +10 arbalest "Quirad" {freeze, Drain Int+3
                  | Dex+3 Stlth+}
 69468 | Zig:9    | Identified the +9 long sword "Ogrebane" {vorpal, rCorr
                  | SInv}
 69472 | Zig:10   | Entered Level 10 of a ziggurat
 69562 | Zig:10   | Identified the +5 scale mail "Puag" {rN+ Str+4}
 69566 | Zig:10   | Identified the +2 leather armour of the Realm of Zot {Harm
                  | rElec Int-4 Stlth+}
 69579 | Zig:11   | Entered Level 11 of a ziggurat
 69588 | Zig:11   | Noticed a juggernaut
 69590 | Zig:11   | Noticed a juggernaut
 69591 | Zig:11   | Killed a juggernaut
 69593 | Zig:11   | Killed a juggernaut
 69594 | Zig:11   | Noticed a juggernaut
 69596 | Zig:11   | Killed a juggernaut
 69597 | Zig:11   | Killed a juggernaut
 69618 | Zig:11   | Identified the +3 falchion of Gawnitsi {vorpal, rN+ Str+4}
 69623 | Zig:11   | Got the Folio of Stony Rallying
 69640 | Zig:12   | Entered Level 12 of a ziggurat
 69655 | Zig:12   | Noticed a royal mummy
 69656 | Zig:12   | Killed a royal mummy
 69659 | Zig:12   | Killed a royal mummy
 69834 | Zig:12   | Identified the +2 leather armour of Poosa {Dex+3 Stlth-}
 69839 | Zig:13   | Entered Level 13 of a ziggurat
 69915 | Zig:13   | Identified the ring "Fusaedgho" {EV+4 Str+4}
 69919 | Zig:14   | Entered Level 14 of a ziggurat
 69972 | Zig:14   | Identified the ring of Veoss {rPois Int+6}
 70002 | Zig:15   | Entered Level 15 of a ziggurat
 70090 | Zig:16   | Entered Level 16 of a ziggurat
 70192 | Zig:16   | Identified the +3 sling of Spores {vorpal, rPois rCorr
                  | Dex+4}
 70201 | Zig:16   | Reached skill level 10 in Dodging
 70204 | Zig:16   | Identified the +2 rapier "No More Talking" {pain, +Blink
                  | Str+5 Int+4}
 70205 | Zig:16   | Identified the +3 plate armour of the Gusle {*Corrode rPois
                  | Will+}
 70216 | Zig:16   | Identified the +1 spear of Ociprul {spect, *Noise rPois
                  | rCorr Stlth+}
 70231 | Zig:17   | Entered Level 17 of a ziggurat
 70330 | Zig:17   | Identified the +6 rapier of Ancient Evil {vorpal, *Rage
                  | Int+8}
 70342 | Zig:17   | Identified the ring "Luarun" {rPois rF+ Will+ SInv}
 70363 | Zig:18   | Entered Level 18 of a ziggurat
 70466 | Zig:18   | Identified the amulet of Tyrreqey {RegenMP rPois rN++ MP-9}
 70476 | Zig:18   | Identified the +5 hand axe "Unux" {holy, rC+}
 70484 | Zig:19   | Entered Level 19 of a ziggurat
 70918 | Zig:19   | Identified the ring of Incredulity {MP+9 Str+6}
 70939 | Zig:20   | Entered Level 20 of a ziggurat
 70970 | Zig:20   | Reached skill level 5 in Stealth
 71015 | Zig:20   | Found the -2 hat of the Alchemist {rElec rPois rF+ rC+ rN+
                  | Will+ rMut rCorr}
 71049 | Zig:20   | Got the Lectures on Beguiling and Terrain
 71096 | Zig:21   | Entered Level 21 of a ziggurat
 71146 | Zig:21   | Reached skill level 10 in Evocations
 71208 | Zig:21   | Identified the ring of Wu Jian, Sheltering {rC+ Dex+6}
 71212 | Zig:21   | Identified the ring "Kijisa" {Fly Str+5}
 71218 | Zig:21   | Identified the ring "Fuavuiq" {MP+9 Str+4}
 71222 | Zig:21   | Identified the +6 flail of Pusselue {vorpal, +Blink rN+
                  | Will+ Dex-2}
 71236 | Zig:22   | Entered Level 22 of a ziggurat
 71249 | Zig:22   | Noticed Paulir the pandemonium lord
 71252 | Zig:22   | Noticed Seibbee the pandemonium lord
 71255 | Zig:22   | Killed Paulir the pandemonium lord
 71259 | Zig:22   | Killed Seibbee the pandemonium lord
 71263 | Zig:22   | Noticed Pionuc the pandemonium lord
 71263 | Zig:22   | Noticed Liav the pandemonium lord
 71264 | Zig:22   | Noticed Laedots the pandemonium lord
 71265 | Zig:22   | Noticed Niekovvi the pandemonium lord
 71274 | Zig:22   | Killed Laedots the pandemonium lord
 71279 | Zig:22   | Killed Pionuc the pandemonium lord
 71282 | Zig:22   | Killed Liav the pandemonium lord
 71289 | Zig:22   | Noticed Beutecs the pandemonium lord
 71289 | Zig:22   | Killed Lihaar the pandemonium lord
 71290 | Zig:22   | Killed Niekovvi the pandemonium lord
 71290 | Zig:22   | Killed Beutecs the pandemonium lord
 71306 | Zig:22   | Noticed Vogroec the pandemonium lord
 71307 | Zig:22   | Killed Vogroec the pandemonium lord
 71308 | Zig:22   | Noticed Lunah the pandemonium lord
 71310 | Zig:22   | Killed Lunah the pandemonium lord
 71315 | Zig:22   | Noticed Fohuqav the pandemonium lord
 71316 | Zig:22   | Killed Fohuqav the pandemonium lord
 71387 | Zig:22   | Found the +12 glaive of Prune {vorpal}
 71417 | Zig:22   | Identified the +9 whip of Kismet {vorpal, Int+4}
 71422 | Zig:22   | Acquired 459 gold pieces
 71431 | Zig:23   | Entered Level 23 of a ziggurat
 71669 | Zig:23   | Found the +8 trident of the Octopus King {venom, rElec
                  | rPois}
 71670 | Zig:23   | Found the +1 cloak of Starlight {*Dazzle EV+4 Stlth--}
 71715 | Zig:23   | Identified the +1 plate armour of Negligence {rElec Int+3}
 71730 | Zig:23   | Identified the +4 dagger of Insomnia {speed, *Corrode rN+
                  | Will+ Dex+9}
 71733 | Zig:23   | Identified the +0 scale mail "Ahenwudgh" {rPois Str+6}
 71735 | Zig:23   | Identified the +3 scale mail of Hadjma {Dex+3}
 71742 | Zig:24   | Entered Level 24 of a ziggurat
 71804 | Zig:24   | Noticed a juggernaut
 71806 | Zig:24   | Noticed a juggernaut
 71807 | Zig:24   | Noticed a juggernaut
 71810 | Zig:24   | Killed a juggernaut
 71810 | Zig:24   | Killed a juggernaut
 71811 | Zig:24   | Reached skill level 15 in Shields
 71811 | Zig:24   | Killed a juggernaut
 71816 | Zig:24   | Noticed a juggernaut
 71818 | Zig:24   | Killed a juggernaut
 71820 | Zig:24   | Killed a juggernaut
 71827 | Zig:24   | Reached skill level 15 in Dodging
 71830 | Zig:24   | Noticed a juggernaut
 71831 | Zig:24   | Killed a juggernaut
 71832 | Zig:24   | Reached skill level 10 in Stealth
 71842 | Zig:24   | Noticed a juggernaut
 71845 | Zig:24   | Killed a juggernaut
 71859 | Zig:24   | Noticed a juggernaut
 71861 | Zig:24   | Killed a juggernaut
 72041 | Zig:24   | Identified the ring "Ubuxkolia" {Int+6 Dex+2}
 72070 | Zig:24   | Identified the +0 ring mail "Urossyru" {rN+ Str+5}
 72096 | Zig:25   | Entered Level 25 of a ziggurat
 72108 | Zig:25   | Noticed a royal mummy
 72109 | Zig:25   | Noticed a royal mummy
 72110 | Zig:25   | Noticed a royal mummy
 72110 | Zig:25   | Noticed a royal mummy
 72111 | Zig:25   | Killed a royal mummy
 72112 | Zig:25   | Killed a royal mummy
 72112 | Zig:25   | Killed a royal mummy
 72113 | Zig:25   | Noticed a royal mummy
 72114 | Zig:25   | Noticed a royal mummy
 72115 | Zig:25   | Noticed a royal mummy
 72121 | Zig:25   | Killed a royal mummy
 72121 | Zig:25   | Killed a royal mummy
 72122 | Zig:25   | Reached skill level 15 in Earth Magic
 72122 | Zig:25   | Killed a royal mummy
 72123 | Zig:25   | Noticed a royal mummy
 72123 | Zig:25   | Killed a royal mummy
 72125 | Zig:25   | Killed a royal mummy
 72131 | Zig:25   | Noticed a royal mummy
 72133 | Zig:25   | Killed a royal mummy
 72141 | Zig:25   | Killed a royal mummy
 72143 | Zig:25   | Killed a royal mummy
 72157 | Zig:25   | Killed a royal mummy
 72159 | Zig:25   | Noticed a royal mummy
 72161 | Zig:25   | Killed a royal mummy
 72534 | Zig:25   | Identified the +10 shortbow "Undertaker" {flame, rPois}
 72550 | Zig:25   | Acquired 584 gold pieces
 72557 | Zig:25   | Gained mutation: Armour fits poorly on your strangely
                  | shaped body. [potion of mutation]
 72558 | Zig:25   | Lost mutation: Armour fits poorly on your strangely shaped
                  | body. [potion of mutation]
 72558 | Zig:25   | Gained mutation: Your natural rate of healing is unusually
                  | fast. [potion of mutation]
 72558 | Zig:25   | Gained mutation: You passively map a small area around you.
                  | [potion of mutation]
 72558 | Zig:25   | Gained mutation: You have a pair of small antennae on your
                  | head. [potion of mutation]
 72567 | Zig:26   | Entered Level 26 of a ziggurat
 72885 | Zig:26   | Identified the +1 pair of gloves "Gareipp" {rF+}
 72887 | Zig:26   | Identified the ring "Qiniv" {Fire Dex+4}
 72898 | Zig:26   | Identified the +8 sling of Qeoblu {flame, rF+}
 72899 | Zig:26   | Identified the +5 battleaxe of the Inquisitive Yaks {holy,
                  | Will+ Str+4 Dex+5}
 72932 | Zig:26   | Learned a level 9 spell: Shatter
 72934 | Zig:27   | Entered Level 27 of a ziggurat
 72960 | Zig:27   | Noticed a dread lich
 72963 | Zig:27   | Killed a dread lich
 72963 | Zig:27   | Killed an ancient lich
 72969 | Zig:27   | Noticed an ancient lich
 72971 | Zig:27   | Killed an ancient lich
 72974 | Zig:27   | Noticed a dread lich
 72976 | Zig:27   | Killed a dread lich
 72976 | Zig:27   | Killed a dread lich
 72984 | Zig:27   | Noticed a dread lich
 72985 | Zig:27   | Killed a dread lich
 72988 | Zig:27   | Killed an ancient lich
 73076 | Zig:27   | Identified the +1 scale mail of Wixelil {rF- Dex+2 Slay+2}
 73082 | Zig:27   | Identified the +5 short sword of Ruxkiel {protect, +Blink}
 73083 | Zig:27   | Identified the ring "Honliu" {rPois Dex+2}
 73087 | Zig:27   | Identified the +5 shortbow of Koos {speed, rN+}
 73088 | Zig:27   | Identified the ring of Gupnufabu {rPois rF++ Int+4 SInv}
 73109 | Zig:27   | Identified the amulet "Idoiwire" {Faith Fragile rElec rN+}
 73267 | Depths:3 | Voluntarily entered the Abyss.
 73763 | Abyss:3  | Got an abyssal rune of Zot
 73807 | Depths:3 | Escaped the Abyss
 73879 | Pan      | Entered Pandemonium
 74209 | Pan      | Noticed Lapnery the pandemonium lord
 74212 | Pan      | Killed Lapnery the pandemonium lord
 74481 | Pan      | Entered the realm of Cerebov.
 74571 | Pan      | Got a fiery rune of Zot
 75088 | Pan      | Identified the +10 short sword of Leemaneyha {venom, *Noise
                  | rElec rC++ Will+}
 75149 | Pan      | Noticed Sivi Gem the pandemonium lord
 75155 | Pan      | Killed Sivi Gem the pandemonium lord
 75484 | Pan      | Noticed Muic the pandemonium lord
 75490 | Pan      | Killed Muic the pandemonium lord
 75583 | Pan      | Entered the realm of Mnoleg.
 75690 | Pan      | Noticed Mnoleg
 75698 | Pan      | Killed Mnoleg
 75846 | Pan      | Got a glowing rune of Zot
 76019 | Pan      | Found an exit through the horrors of the Abyss.
 76198 | Pan      | Noticed Oxtipt the pandemonium lord
 76204 | Pan      | Killed Oxtipt the pandemonium lord
 76501 | Pan      | Noticed Xaynewu the pandemonium lord
 76504 | Pan      | Killed Xaynewu the pandemonium lord
 76505 | Pan      | Reached skill level 15 in Evocations
 76511 | Pan      | Found an exit through the horrors of the Abyss.
 76520 | Pan      | Entered the realm of Lom Lobon.
 76701 | Pan      | Learned a level 7 spell: Spellforged Servitor
 76759 | Pan      | Noticed Lom Lobon
 76765 | Pan      | Killed Lom Lobon
 76779 | Pan      | Got a magical rune of Zot
 76825 | Pan      | Entered the realm of Gloorx Vloq.
 76825 | Pan      | Noticed Gloorx Vloq
 76835 | Pan      | Killed Gloorx Vloq
 76848 | Pan      | Got a dark rune of Zot
 77030 | Pan      | Noticed Nefoud the pandemonium lord
 77035 | Pan      | Killed Nefoud the pandemonium lord
 77304 | Pan      | Noticed Kisi Miq Gaa the pandemonium lord
 77309 | Pan      | Killed Kisi Miq Gaa the pandemonium lord
 77643 | Pan      | Noticed Xetua the pandemonium lord
 77650 | Pan      | Killed Xetua the pandemonium lord
 77739 | Pan      | Found an exit through the horrors of the Abyss.
 77920 | Pan      | Noticed Detofot the pandemonium lord
 77924 | Pan      | Killed Detofot the pandemonium lord
 78015 | Pan      | Identified the +1 short sword of the Reaper {vorpal, Will+
                  | Str+4}
 78299 | Pan      | Noticed Laymich the pandemonium lord
 78303 | Pan      | Killed Laymich the pandemonium lord
 78421 | Pan      | Found an exit through the horrors of the Abyss.
 78568 | Pan      | Got a demonic rune of Zot
 78588 | Depths:2 | Escaped Pandemonium
 78944 | Elf:3    | Bought a manual of Evocations for 1040 gold pieces
 78944 | Elf:3    | Bought a manual of Invocations for 1040 gold pieces
 79315 | Hell     | Killed Murray
 79318 | Hell     | Reached skill level 5 in Staves
 79483 | Hell     | Found a gateway to the Iron City of Dis.
 79726 | Hell     | Found a gateway to the decaying netherworld of Tartarus.
 79774 | Hell     | Found a gateway to the freezing wastes of Cocytus.
 79826 | Hell     | Found a gateway to the ashen valley of Gehenna.
 79909 | Dis:1    | Entered Level 1 of the Iron City of Dis
 80517 | Dis:5    | You are sucked into a shaft and drop 1 floor!
 80767 | Dis:7    | Entered Level 7 of the Iron City of Dis
 81941 | Dis:7    | Noticed a juggernaut
 81946 | Dis:7    | Killed a juggernaut
 82120 | Dis:7    | Reached skill level 1 in Summonings
 82393 | Dis:7    | Reached skill level 5 in Summonings
 82393 | Dis:7    | Reached skill level 1 in Throwing
 82508 | Dis:7    | Found the +15 Maxwell's patent armour {-Cast -Tele rElec
                  | Will+ rCorr}
 82512 | Dis:7    | Identified the ring "Rihiobriso" {*Corrode rElec rC++ MP+9
                  | Str+2}
 82515 | Dis:7    | Identified the +1 leather armour of Cian {rN+}
 82668 | Dis:7    | Noticed the Serpent of Hell
 82678 | Dis:7    | Killed the Serpent of Hell
 82679 | Dis:7    | Reached skill level 5 in Throwing
 82915 | Dis:7    | Noticed a juggernaut
 82922 | Dis:7    | Killed a juggernaut
 82950 | Dis:7    | Noticed a juggernaut
 82956 | Dis:7    | Killed a juggernaut
 83401 | Dis:7    | Got an iron rune of Zot
 83452 | Dis:7    | Identified the +9 trident "Recorogh" {vorpal, rF+ Will+
                  | rCorr Dex+3}
 83475 | Dis:7    | Found the +4 staff of Dispater
 83475 | Dis:7    | Noticed Dispater
 83508 | Dis:7    | Killed Dispater
 83741 | Coc:1    | Entered Level 1 of Cocytus
 83845 | Coc:1    | Noticed a dread lich
 83850 | Coc:1    | Killed a dread lich
 84538 | Coc:4    | Noticed an ancient lich
 84541 | Coc:4    | Killed an ancient lich
 84629 | Coc:4    | You are sucked into a shaft and drop 2 floors!
 84887 | Coc:7    | Entered Level 7 of Cocytus
 84920 | Coc:7    | Reached skill level 15 in Ice Magic
 86276 | Coc:7    | Identified the +2 robe of Ghostly Leaves {Int+5}
 86362 | Coc:7    | Noticed Antaeus
 86401 | Coc:7    | Killed Antaeus
 86520 | Coc:7    | Got an icy rune of Zot
 87134 | Tar:1    | Entered Level 1 of Tartarus
 87138 | Tar:1    | Noticed an ancient lich
 87144 | Tar:1    | Killed an ancient lich
 87822 | Tar:4    | Noticed an ancient lich
 87822 | Tar:4    | Noticed a dread lich
 87825 | Tar:4    | Killed a dread lich
 87825 | Tar:4    | Killed an ancient lich
 89004 | Tar:7    | Entered Level 7 of Tartarus
 89168 | Tar:7    | Reached skill level 10 in Throwing
 91387 | Tar:7    | Noticed Ereshkigal
 91395 | Tar:7    | Killed Ereshkigal
 91396 | Tar:7    | Reached skill level 15 in Throwing
 91467 | Tar:7    | Identified the +4 mace of Peace {spect, rC+ SInv}
 91469 | Tar:7    | Identified the +4 spear of the Unspeakable One {pain, rElec
                  | rF+ rCorr Str+2}
 91471 | Tar:7    | Got Sif Muna's Teachings on Orientation
 91473 | Tar:7    | Got a bone rune of Zot
 91478 | Tar:7    | Identified the +5 chain mail "Ocrim" {Dex+3 Stlth+}
 92173 | Geh:1    | Entered Level 1 of Gehenna
 93891 | Geh:7    | Entered Level 7 of Gehenna
 95218 | Geh:7    | Got an obsidian rune of Zot
 95267 | Geh:7    | Found the +8 longbow "Zephyr" {speed, Dex+3 SInv}
 95272 | Geh:7    | Noticed an ancient lich
 95276 | Geh:7    | Killed an ancient lich
 95277 | Geh:7    | Identified the +6 quarterstaff "Kolu" {spect, Int+3}
 95341 | Geh:7    | Found the +7 sceptre of Asmodeus
 95341 | Geh:7    | Noticed Asmodeus
 95349 | Geh:7    | Killed Asmodeus
 95442 | Geh:7    | Identified the +3 plate armour of the Beginning {+Inv rF+}
 95452 | Geh:7    | Reached skill level 27 in Fire Magic
 95863 | Depths:1 | Killed an ancient lich
 95864 | Depths:1 | Reached skill level 27 in Fighting
 95864 | Depths:1 | Killed an ancient lich
 95873 | Depths:1 | Killed Camaan's ghost
 95908 | Depths:1 | Identified the amulet of Niquq {Reflect rC+ SH+5}
 96226 | Tomb:1   | Entered Level 1 of the Tomb of the Ancients
 96645 | Tomb:1   | Noticed a royal mummy
 96648 | Tomb:1   | Killed a royal mummy
 96651 | Tomb:1   | Noticed a royal mummy
 96719 | Tomb:1   | Noticed a royal mummy
 96720 | Tomb:1   | Killed a royal mummy
 96720 | Tomb:1   | Noticed a royal mummy
 96720 | Tomb:1   | Noticed a royal mummy
 96721 | Tomb:1   | Noticed a royal mummy
 96721 | Tomb:1   | Noticed a royal mummy
 96721 | Tomb:1   | Noticed a royal mummy
 96722 | Tomb:1   | Killed a royal mummy
 96722 | Tomb:1   | Killed a royal mummy
 96722 | Tomb:1   | Killed a royal mummy
 96723 | Tomb:1   | Noticed a royal mummy
 96724 | Tomb:1   | Killed a royal mummy
 96724 | Tomb:1   | Killed a royal mummy
 96725 | Tomb:1   | Reached skill level 27 in Spellcasting
 96725 | Tomb:1   | Killed a royal mummy
 96727 | Tomb:1   | Killed a royal mummy
 96728 | Tomb:1   | Noticed a royal mummy
 96817 | Tomb:1   | Killed a royal mummy
 96843 | Tomb:1   | Noticed a royal mummy
 96844 | Tomb:1   | Noticed a royal mummy
 96847 | Tomb:1   | Killed a royal mummy
 96847 | Tomb:1   | Killed a royal mummy
 96909 | Tomb:1   | Noticed a royal mummy
 96911 | Tomb:1   | Killed a royal mummy
 96928 | Tomb:1   | Noticed a royal mummy
 96930 | Tomb:1   | Killed a royal mummy
 96931 | Tomb:1   | Reached skill level 27 in Earth Magic
 97051 | Tomb:1   | Noticed a royal mummy
 97055 | Tomb:1   | Noticed a royal mummy
 97055 | Tomb:1   | Killed a royal mummy
 97057 | Tomb:1   | Killed a royal mummy
 97247 | Tomb:1   | Noticed a royal mummy
 97249 | Tomb:1   | Killed a royal mummy
 97312 | Tomb:1   | Noticed a royal mummy
 97316 | Tomb:1   | Killed a royal mummy
 97349 | Tomb:1   | Noticed a royal mummy
 97351 | Tomb:1   | Killed a royal mummy
 97466 | Tomb:1   | Noticed a royal mummy
 97467 | Tomb:1   | Killed a royal mummy
 97637 | Tomb:2   | Noticed a royal mummy
 97637 | Tomb:2   | Noticed a royal mummy
 97637 | Tomb:2   | Noticed a royal mummy
 97637 | Tomb:2   | Noticed a royal mummy
 97641 | Tomb:2   | Killed a royal mummy
 97641 | Tomb:2   | Killed a royal mummy
 97641 | Tomb:2   | Killed a royal mummy
 97643 | Tomb:2   | Killed a royal mummy
 97644 | Tomb:2   | Reached skill level 27 in Conjurations
 98151 | Tomb:3   | Entered Level 3 of the Tomb of the Ancients
 98163 | Tomb:3   | Noticed a royal mummy
 98165 | Tomb:3   | Killed a royal mummy
 98171 | Tomb:3   | Noticed a royal mummy
 98171 | Tomb:3   | Noticed a royal mummy
 98172 | Tomb:3   | Noticed a royal mummy
 98174 | Tomb:3   | Killed a royal mummy
 98174 | Tomb:3   | Killed a royal mummy
 98177 | Tomb:3   | Killed a royal mummy
 98258 | Tomb:3   | Noticed a royal mummy
 98261 | Tomb:3   | Killed a royal mummy
 98263 | Tomb:3   | Noticed a royal mummy
 98341 | Tomb:3   | Killed a royal mummy
 98459 | Tomb:3   | Noticed a royal mummy
 98461 | Tomb:3   | Killed a royal mummy
 98462 | Tomb:3   | Noticed Khufu
 98463 | Tomb:3   | Killed Khufu
 98465 | Tomb:3   | Noticed a royal mummy
 98468 | Tomb:3   | Killed a royal mummy
 98587 | Tomb:3   | Acquired the +2 pair of gloves of Zuom {Will++}
 98663 | Tomb:3   | Got a golden rune of Zot
 98702 | Tomb:3   | Found the +3 giant club "Skullcrusher" {speed, Str+7}
 98712 | Tomb:3   | Identified the +6 rapier of Lip Ibbi {flame, rC- rN+++
                  | Will+++ Stlth-}
 98713 | Tomb:3   | Identified the +2 plate armour of Ysoxtuva {Dex+2 Slay+3}
 98722 | Tomb:3   | Identified the +0 leather armour of Seaf {-Cast rElec
                  | rCorr}
 98725 | Tomb:3   | Identified the ring of Najeepubb {Dex+3 Slay+4}
 98766 | Tomb:3   | Identified the +8 glaive "Dem Ved" {vorpal, *Noise rPois
                  | Str+3 Int+4}
 98782 | Tomb:3   | Identified the +1 spear "Luumifiz" {freeze, rN+}
 99236 | Zig:1    | Entered Level 1 of a ziggurat
 99253 | Zig:2    | Entered Level 2 of a ziggurat
 99272 | Zig:3    | Entered Level 3 of a ziggurat
 99291 | Zig:4    | Entered Level 4 of a ziggurat
 99304 | Zig:4    | Identified the +5 demon trident "Vauxek" {flame, Will-
                  | Str+5 SInv}
 99311 | Zig:5    | Entered Level 5 of a ziggurat
 99327 | Zig:5    | Identified the +3 chain mail "Bukedyts" {Regen+}
 99333 | Zig:6    | Entered Level 6 of a ziggurat
 99350 | Zig:6    | Identified the ring "Syngielo" {rPois Will+}
 99360 | Zig:7    | Entered Level 7 of a ziggurat
 99391 | Zig:8    | Entered Level 8 of a ziggurat
 99470 | Zig:8    | Identified the ring of Gyfiheaf {Fly rCorr}
 99484 | Zig:8    | Acquired 788 gold pieces
 99494 | Zig:9    | Entered Level 9 of a ziggurat
 99503 | Zig:9    | Noticed a dread lich
 99505 | Zig:9    | Killed a dread lich
 99536 | Zig:9    | Identified the +1 scale mail "Quepnent" {rN+ Slay+3}
 99544 | Zig:10   | Entered Level 10 of a ziggurat
 99642 | Zig:10   | Identified the +7 war axe of Icuat {vorpal, rF+ rCorr SInv}
 99643 | Zig:10   | Identified the ring of the Equinox {rCorr MP+9 Str+8 Dex-4
                  | Stlth-}
 99652 | Zig:10   | Identified the +9 demon whip "Undertaker" {venom, *Slow
                  | Int+5 Dex+4}
 99658 | Zig:11   | Entered Level 11 of a ziggurat
 99670 | Zig:11   | Noticed Vasty the pandemonium lord
 99681 | Zig:11   | Killed Vasty the pandemonium lord
 99745 | Zig:11   | Identified the +6 ice dragon scales of the Great Game {rF-
                  | rC++ Slay+4 Stlth-}
 99749 | Zig:11   | Identified the -1 kite shield "Pompir" {Harm rC- Will+
                  | Regen+}
 99758 | Zig:11   | Identified the +10 great sword "Leviticus" {vorpal, *Rage
                  | Int+3 SInv}
 99770 | Zig:12   | Entered Level 12 of a ziggurat
 99829 | Zig:12   | Identified the ring of Viutomos {rN+ MP+9 SInv}
 99848 | Zig:13   | Entered Level 13 of a ziggurat
 99865 | Zig:13   | Reached skill level 27 in Evocations
 99953 | Zig:13   | Identified the +2 ring mail of Feonk {Dex+2}
 99960 | Zig:14   | Entered Level 14 of a ziggurat
100070 | Zig:14   | Identified the ring "Abokh" {rElec rF+ Will+ rCorr Int+5}
100079 | Zig:15   | Entered Level 15 of a ziggurat
100193 | Zig:15   | Identified the +7 hand axe of Xoysuwe {flame, rPois rN+
                  | Int-2}
100210 | Zig:15   | Identified the ring "Ituranaf" {Wiz Int+5 Dex+4}
100223 | Zig:16   | Entered Level 16 of a ziggurat
100309 | Zig:16   | Identified the ring of Pistri {Fly MP+9}
100347 | Zig:17   | Entered Level 17 of a ziggurat
100361 | Zig:17   | Noticed Veal the pandemonium lord
100363 | Zig:17   | Noticed Onijugis the pandemonium lord
100365 | Zig:17   | Noticed Poebyel the pandemonium lord
100367 | Zig:17   | Killed Onijugis the pandemonium lord
100367 | Zig:17   | Killed Poebyel the pandemonium lord
100369 | Zig:17   | Killed Veal the pandemonium lord
100369 | Zig:17   | Noticed Gifirphiu the pandemonium lord
100376 | Zig:17   | Noticed Muocwir the pandemonium lord
100377 | Zig:17   | Killed Gifirphiu the pandemonium lord
100379 | Zig:17   | Killed Muocwir the pandemonium lord
100380 | Zig:17   | Reached skill level 27 in Shields
100384 | Zig:17   | Noticed Epyuzux the pandemonium lord
100385 | Zig:17   | Killed Epyuzux the pandemonium lord
100486 | Zig:17   | Identified the +2 trident "Beast's Doom" {flame, *Slow
                  | Str+4 Dex+5}
100491 | Zig:17   | Identified the +10 halberd of the Yoke {vorpal, rPois Int+7
                  | Stlth+}
100493 | Zig:17   | Identified the +10 trident "Axoj Uhy" {flame, Fragile rPois
                  | Str+3}
100499 | Zig:17   | Identified the +6 scale mail of the Demon Prince {Str+5
                  | Stlth-}
100501 | Zig:17   | Identified the +5 falchion of War {venom, Int+4}
100517 | Zig:18   | Entered Level 18 of a ziggurat
100715 | Zig:18   | Identified the +10 dagger "Xuxtil" {elec, rCorr}
100717 | Zig:18   | Identified the +6 short sword of Irrepressible Laughter
                  | {pain, Str+4}
100747 | Zig:18   | Acquired a manual of Ice Magic
100754 | Zig:19   | Entered Level 19 of a ziggurat
100841 | Zig:19   | Found the +3 Mad Mage's Maulers {Infuse+∞ RegenMP Int-3}
100870 | Zig:19   | Identified the ring of the Purple Skies {rC++ rCorr Str-3
                  | Dex+2}
100872 | Zig:19   | Identified the +1 hat of Fedhas's Pride {-Tele rElec rF+++
                  | Int+3}
100899 | Zig:20   | Entered Level 20 of a ziggurat
101007 | Zig:20   | Identified the +10 long sword "Dyisiegu" {flame, Fragile
                  | rElec rF+ Str+3}
101008 | Zig:20   | Identified the ring "Eqiorir" {rPois Will+ SInv}
101057 | Zig:21   | Entered Level 21 of a ziggurat
101231 | Zig:21   | Found the +8 whip "Snakebite" {venom, curare, rPois}
101238 | Zig:21   | Identified the +7 chain mail "Udeetipe" {rElec rF+ Will-}
101254 | Zig:21   | Identified the +8 great sword of Red Offence {vorpal, Int+2
                  | Dex-4 Stlth+}
101257 | Zig:21   | Identified the +12 rapier of Powerful Tenacity {vorpal,
                  | rElec rCorr}
101270 | Zig:21   | Identified the ring of Pragmatism {rC+ Str+6 Int-5 Dex+6}
101282 | Zig:22   | Entered Level 22 of a ziggurat
101312 | Zig:22   | Reached skill level 27 in Throwing
101315 | Zig:22   | Reached skill level 5 in Translocations
101592 | Zig:22   | Found the ring of the Hare {EV+8}
101648 | Zig:22   | Identified the ring of Jeddiel {SInv Stlth+}
101673 | Zig:23   | Entered Level 23 of a ziggurat
101693 | Zig:23   | Reached skill level 5 in Necromancy
101867 | Zig:23   | Reached skill level 10 in Necromancy
101998 | Zig:23   | Identified the +10 quarterstaff "Inykhlom" {venom, rN+
                  | Str+6 Dex+3}
102003 | Zig:23   | Identified the ring of Pragmatism {Int+6 Dex+3}
102014 | Zig:23   | Identified the +0 pair of gloves "Pyacvext" {rPois Str+2
                  | Int+3 Dex-4}
102015 | Zig:23   | Identified the +8 rapier "Yclygh" {freeze, *Noise rC+ SInv
                  | Stlth+}
102024 | Zig:23   | Identified the +0 robe of the Hanged Man {Str+2 Int+5
                  | Dex+2}
102031 | Zig:24   | Entered Level 24 of a ziggurat
102099 | Zig:24   | Found the +7 lajatang of Order {silver, rMut}
102100 | Zig:24   | Found the +8 Vampire's Tooth {vamp}
102117 | Zig:24   | Identified the +10 falchion of World's End {freeze, rCorr}
102119 | Zig:24   | Identified the ring "Romygos" {Str+7 SInv}
102120 | Zig:24   | Identified the +9 dagger "Blob" {drain, Will- Dex+6 SInv}
102153 | Zig:24   | Identified the +8 scimitar of Okawaru's Supremacy {vamp,
                  | Contam *Slow rC+++ Int+4}
102154 | Zig:24   | Identified the +9 short sword "Uluywn" {holy, rElec}
102158 | Zig:24   | Identified the +5 rapier of Trauma {protect, Str+4}
102166 | Zig:25   | Entered Level 25 of a ziggurat
102186 | Zig:25   | Paralysed by a floating eye for 4 turns
102203 | Zig:25   | Reached skill level 15 in Necromancy
102229 | Zig:25   | Found the +8 frozen axe "Frostbite" {freezing cloud, *Noise
                  | Fly rC+}
102243 | Zig:25   | Identified the +3 dagger of Earthquakes {freeze, rN+ Str-2
                  | Int+5}
102245 | Zig:25   | Identified the +2 leather armour "Ukliomp" {*Corrode Int+5}
102264 | Zig:25   | Identified the +3 spear "Jelly's Death Toll" {freeze, rPois
                  | Int+4 SInv}
102272 | Zig:25   | Identified the +10 war axe "Aniem" {vorpal, +Blink Fly}
102287 | Zig:26   | Entered Level 26 of a ziggurat
102327 | Zig:26   | Killed a dread lich
102332 | Zig:26   | Killed an ancient lich
102334 | Zig:26   | Noticed a dread lich
102337 | Zig:26   | Killed a dread lich
102442 | Zig:26   | Identified the +5 broad axe "Fafu" {flame, Will+ Int+4}
102456 | Zig:26   | Identified the +8 dagger of Departure {vorpal, rCorr Int+3
                  | Dex+3}
102469 | Zig:26   | Identified the +5 scale mail of the Hall of Blades {Dex+4
                  | Slay+3}
102488 | Zig:26   | Learned a level 8 spell: Borgnjor's Revivification
102489 | Zig:27   | Entered Level 27 of a ziggurat
102599 | Zig:27   | Found the +3 warlock's mirror {reflect}
102613 | Zig:27   | Identified the +0 robe of the Ancient Youths {rElec rC+
                  | Str-5 Slay+5}
102666 | Zig:27   | Identified the ring "Ipamiff" {rF+ rC+ Int+2}
102669 | Zig:27   | Identified the +1 short sword of the Enchanting Badger
                  | {flame, Str+3 Dex+2}
102680 | Zig:27   | Identified the +1 chain mail of the Cursing Gods {+Blink
                  | rPois Dex-2 Stlth+}
102701 | Zig:1    | Entered Level 1 of a ziggurat
102717 | Zig:2    | Entered Level 2 of a ziggurat
102738 | Zig:2    | Identified the +2 robe "Xorch" {-Cast rN+ Str+5}
102748 | Zig:3    | Entered Level 3 of a ziggurat
102753 | Zig:3    | Noticed Dakol the pandemonium lord
102755 | Zig:3    | Killed Dakol the pandemonium lord
102781 | Zig:3    | Identified the +3 war axe of Responsibility {pain, Str+3
                  | Dex+3}
102790 | Zig:4    | Entered Level 4 of a ziggurat
102791 | Zig:4    | Noticed a royal mummy
102793 | Zig:4    | Killed a royal mummy
102793 | Zig:4    | Noticed a royal mummy
102794 | Zig:4    | Killed a royal mummy
102896 | Zig:5    | Entered Level 5 of a ziggurat
102925 | Zig:6    | Entered Level 6 of a ziggurat
102973 | Zig:7    | Entered Level 7 of a ziggurat
102976 | Zig:7    | Noticed a royal mummy
102976 | Zig:7    | Noticed a royal mummy
102980 | Zig:7    | Killed a royal mummy
102981 | Zig:7    | Killed a royal mummy
102982 | Zig:7    | Noticed a royal mummy
102983 | Zig:7    | Killed a royal mummy
103105 | Zig:8    | Entered Level 8 of a ziggurat
103112 | Zig:8    | Noticed an ancient lich
103112 | Zig:8    | Noticed an ancient lich
103114 | Zig:8    | Noticed an ancient lich
103114 | Zig:8    | Killed an ancient lich
103114 | Zig:8    | Killed an ancient lich
103114 | Zig:8    | Killed an ancient lich
103127 | Zig:8    | Identified the +2 pair of gloves "Reoqij" {Dex+3}
103139 | Zig:9    | Entered Level 9 of a ziggurat
103149 | Zig:9    | Noticed Gophois the pandemonium lord
103152 | Zig:9    | Killed Gophois the pandemonium lord
103178 | Zig:9    | Identified the +1 buckler of the Tormentor {Harm Str+4
                  | Dex+2}
103191 | Zig:9    | Identified the ring of Nihilism {rC++ Will+ Int+5 Dex-2}
103196 | Zig:9    | Identified the +4 whip "Bauroyga" {vorpal, rN+}
103222 | Zig:10   | Entered Level 10 of a ziggurat
103265 | Zig:10   | Identified the ring of the Cricket {Wiz *Slow rPois rN+++
                  | MP-9}
103273 | Zig:11   | Entered Level 11 of a ziggurat
103307 | Zig:11   | Found the +14 obsidian axe {vorpal, Mesm Drain Fly SInv}
103316 | Zig:11   | Identified the +8 short sword of the Enchanted Forest
                  | {spect, rN+ MP+9 Int+7 Dex-3}
103324 | Zig:11   | Identified the +7 long sword "Newtbane" {vorpal, *Rage rC+
                  | rN++}
103343 | Zig:11   | Identified the +5 spear of Focus {holy, rF+ MP+9 Dex+2}
103360 | Zig:12   | Entered Level 12 of a ziggurat
103366 | Zig:12   | Noticed an orb of fire
103367 | Zig:12   | Noticed an orb of fire
103368 | Zig:12   | Noticed an orb of fire
103368 | Zig:12   | Noticed an orb of fire
103371 | Zig:12   | Killed an orb of fire
103371 | Zig:12   | Noticed an orb of fire
103371 | Zig:12   | Noticed an orb of fire
103372 | Zig:12   | Noticed an orb of fire
103372 | Zig:12   | Killed an orb of fire
103372 | Zig:12   | Killed an orb of fire
103374 | Zig:12   | Killed an orb of fire
103376 | Zig:12   | Killed an orb of fire
103376 | Zig:12   | Killed an orb of fire
103378 | Zig:12   | Killed an orb of fire
103434 | Zig:12   | Identified the +11 trident of Kindness {vorpal, Dex+6}
103441 | Zig:12   | Identified the +1 robe of the Battered Priests {Str+3}
103448 | Zig:12   | Identified the +8 dagger "Tiluant" {venom, Str+4 Int+2
                  | Dex-5}
103460 | Zig:13   | Entered Level 13 of a ziggurat
103483 | Zig:13   | Noticed Cimuqat the pandemonium lord
103494 | Zig:13   | Killed Cimuqat the pandemonium lord
103528 | Zig:13   | Identified the +2 helmet "Bedumium" {rElec Will+ Str+2}
103541 | Zig:13   | Identified the +10 morningstar of Evil {protect, Will+}
103557 | Zig:14   | Entered Level 14 of a ziggurat
103562 | Zig:14   | Noticed a juggernaut
103565 | Zig:14   | Killed a juggernaut
103581 | Zig:14   | Killed a juggernaut
103621 | Zig:14   | Identified the +5 shortbow of Kismet {freeze, Str+3 Int+7
                  | Dex-3}
103623 | Zig:14   | Identified the ring of Qusum {rElec rPois rF+ rC- Dex+5}
103640 | Zig:14   | Identified the +11 shortbow "Tuanaips" {vorpal, Fly rPois
                  | Dex+3}
103648 | Zig:15   | Entered Level 15 of a ziggurat
103652 | Zig:15   | Noticed Xaloak the pandemonium lord
103652 | Zig:15   | Noticed Mig Ikk the pandemonium lord
103657 | Zig:15   | Noticed Seanuice the pandemonium lord
103658 | Zig:15   | Noticed Lielethru the pandemonium lord
103659 | Zig:15   | Noticed Ymikkyah the pandemonium lord
103659 | Zig:15   | Killed Mig Ikk the pandemonium lord
103659 | Zig:15   | Noticed Yqeal the pandemonium lord
103660 | Zig:15   | Noticed Awiened the pandemonium lord
103661 | Zig:15   | Killed Xaloak the pandemonium lord
103662 | Zig:15   | Noticed Mipnesmy the pandemonium lord
103663 | Zig:15   | Killed Lielethru the pandemonium lord
103663 | Zig:15   | Killed Yqeal the pandemonium lord
103664 | Zig:15   | Killed Mipnesmy the pandemonium lord
103665 | Zig:15   | Killed Awiened the pandemonium lord
103665 | Zig:15   | Noticed Caoc the pandemonium lord
103668 | Zig:15   | Killed Ymikkyah the pandemonium lord
103676 | Zig:15   | Killed Seanuice the pandemonium lord
103679 | Zig:15   | Killed Caoc the pandemonium lord
103752 | Zig:15   | Identified the +2 plate armour "Mutis" {+Inv rC+}
103756 | Zig:15   | Identified the +2 cloak "Dooq" {+Blink rC+ Will+}
103757 | Zig:15   | Identified the ring "Nakkydae" {rF+ Stlth+}
103768 | Zig:16   | Entered Level 16 of a ziggurat
103871 | Zig:17   | Entered Level 17 of a ziggurat
103875 | Zig:17   | Noticed a juggernaut
103878 | Zig:17   | Reached skill level 27 in Dodging
103879 | Zig:17   | Reached skill level 5 in Armour
103879 | Zig:17   | Killed a juggernaut
103881 | Zig:17   | Noticed a juggernaut
103883 | Zig:17   | Killed a juggernaut
103883 | Zig:17   | Noticed a juggernaut
103884 | Zig:17   | Killed a juggernaut
103886 | Zig:17   | Killed a juggernaut
103916 | Zig:17   | Reached skill level 10 in Armour
103954 | Zig:17   | Identified the ring of Masteemp {Str+3 Dex+6}
103959 | Zig:17   | Identified the +9 halberd "Wiattounk" {vorpal, Str+2}
103985 | Zig:17   | Identified the +7 arbalest of Indomitability {speed, rElec
                  | rC+ MP+9 Str+4}
103993 | Zig:18   | Entered Level 18 of a ziggurat
104021 | Zig:18   | Reached skill level 15 in Armour
104053 | Zig:18   | Identified the amulet "Vier" {Faith Will+}
104063 | Zig:18   | Identified the +12 dagger of Cusi {vorpal, Dex+6}
104070 | Zig:18   | Identified the +3 hand axe "Fualahih" {spect, Int+4 Dex+2}
104086 | Zig:19   | Entered Level 19 of a ziggurat
104090 | Zig:19   | Noticed a dread lich
104091 | Zig:19   | Noticed a dread lich
104092 | Zig:19   | Killed a dread lich
104092 | Zig:19   | Killed a dread lich
104102 | Zig:19   | Noticed a dread lich
104104 | Zig:19   | Killed a dread lich
104105 | Zig:19   | Noticed a dread lich
104109 | Zig:19   | Killed a dread lich
104109 | Zig:19   | Noticed a dread lich
104110 | Zig:19   | Killed a dread lich
104176 | Zig:19   | Identified the +4 scimitar of a volcano {drain, Fly rF-
                  | rC+}
104177 | Zig:19   | Identified the +10 lajatang of Biblaerch {antimagic, Int+6}
104189 | Zig:19   | Identified the +4 arbalest of Doagar {speed, rPois Str+2}
104190 | Zig:19   | Identified the +1 triple sword "Bohin" {flame, rF+ Stlth+}
104194 | Zig:19   | Identified the +3 scale mail of Dogmatism {Str+2}
104203 | Zig:20   | Entered Level 20 of a ziggurat
104211 | Zig:20   | Noticed a royal mummy
104211 | Zig:20   | Noticed a royal mummy
104212 | Zig:20   | Noticed a royal mummy
104212 | Zig:20   | Noticed a royal mummy
104213 | Zig:20   | Noticed a royal mummy
104214 | Zig:20   | Killed a royal mummy
104214 | Zig:20   | Killed a royal mummy
104214 | Zig:20   | Noticed a royal mummy
104215 | Zig:20   | Noticed a royal mummy
104216 | Zig:20   | Killed a royal mummy
104218 | Zig:20   | Killed a royal mummy
104218 | Zig:20   | Killed a royal mummy
104221 | Zig:20   | Killed a royal mummy
104225 | Zig:20   | Killed a royal mummy
104225 | Zig:20   | Noticed a royal mummy
104226 | Zig:20   | Noticed a royal mummy
104226 | Zig:20   | Noticed a royal mummy
104227 | Zig:20   | Noticed a royal mummy
104227 | Zig:20   | Noticed a royal mummy
104229 | Zig:20   | Killed a royal mummy
104230 | Zig:20   | Noticed a royal mummy
104231 | Zig:20   | Killed a royal mummy
104231 | Zig:20   | Killed a royal mummy
104231 | Zig:20   | Killed a royal mummy
104231 | Zig:20   | Killed a royal mummy
104231 | Zig:20   | Noticed a royal mummy
104231 | Zig:20   | Noticed a royal mummy
104232 | Zig:20   | Killed a royal mummy
104232 | Zig:20   | Killed a royal mummy
104233 | Zig:20   | Killed a royal mummy
104233 | Zig:20   | Killed a royal mummy
104237 | Zig:20   | Noticed a royal mummy
104239 | Zig:20   | Killed a royal mummy
104242 | Zig:20   | Noticed a royal mummy
104242 | Zig:20   | Noticed a royal mummy
104243 | Zig:20   | Killed a royal mummy
104245 | Zig:20   | Killed a royal mummy
104249 | Zig:20   | Noticed a royal mummy
104253 | Zig:20   | Killed a royal mummy
104258 | Zig:20   | Killed a royal mummy
104365 | Zig:20   | Identified the +4 sling "Xek Buir" {flame, Dex+3}
104406 | Zig:20   | Identified the +0 pair of gloves of Action {Slay+3}
104407 | Zig:20   | Identified the +6 demon trident "Ulagg" {pain, rPois rC+
                  | Will- Str+2}
104837 | Zot:4    | Noticed SnakkuSnakku7's ghost (legendary TeWr)
104883 | Zot:4    | Found a transporter.
104886 | Zot:4    | Found a transporter.
105259 | Zot:5    | Entered Level 5 of the Realm of Zot
105274 | Zot:5    | Noticed a dread lich
105277 | Zot:5    | Killed a dread lich
105284 | Zot:5    | Noticed an orb of fire
105294 | Zot:5    | Noticed an orb of fire
105299 | Zot:5    | Noticed an orb of fire
105301 | Zot:5    | Killed an orb of fire
105303 | Zot:5    | Killed an orb of fire
105304 | Zot:5    | Noticed an orb of fire
105308 | Zot:5    | Killed an orb of fire
105308 | Zot:5    | Killed an orb of fire
105348 | Zot:5    | Got the Orb of Zot
105349 | Zot:5    | Noticed an orb of fire
105350 | Zot:5    | Reached skill level 27 in Armour
105357 | Zot:5    | Killed an orb of fire
105787 | D:7      | Noticed Zetwyady the pandemonium lord
105789 | D:7      | Killed Zetwyady the pandemonium lord
106217 | D:$      | Escaped with the Orb!

Illustrated notes

Levels and vault maps discovered:
D:1:      minmay_arrival_radiant_lines, layout_basic, minmay_misc_feat_plants,
          kennysheep_flooded_box, minmay_octomino_c4
D:2:      layout_loops_ring, ebering_ecumenical_altar_box, basic_altar,
          serial_bayou_pond_c
D:3:      layout_loops_ring, ebering_ghost_sewer_f, kennysheep_another_room
D:4:      layout_basic, serial_shops, shop, uniq_pikel
D:5:      layout_loops_ring, cheibrodos_sewer_entry_bend, serial_shops,
          nicolae_shop_waterfront, minmay_lizard_king
D:6:      layout_gridville, kiku_gazebo_pond_becter,
          minmay_temple_entry_from_below_a, lightli_corner_chamber
D:7:      lemuel_castle_with_subvaults [lemuel_castle_interior_original],
          layout_cave_pools, kennysheep_generic_room_12, uniq_joseph,
          uniq_menkaure, uniq_maggie
D:8:      layout_rooms, grunt_temple_overflow_opulence,
          mainiacjoe_overflow_surrounded_room, grunt_temple_overflow_open,
          chequers_serial_rivers_marsh
D:9:      layout_roguey, gammafunk_temple_overflow_statue,
          grunt_lair_entry_orc_guard_hut, orc_0_dummy, amethyst_killhole
D:10:     layout_long_grid, serial_glass, glass_columns_b, glass_columns_a,
          glass_columns_b, glass_columns_b, glass_columns_a, glass_columns_b,
          glass_columns_b, glass_columns_c, glass_columns_b, glass_columns_a,
          hangedman_stone_soup
D:11:     due_megacathedral, layout_layer_cave
D:12:     layout_cave_pods
D:13:     layout_grid_maze, serial_shops, nicolae_shop_bloodbath_and_beyond,
          nicolae_shop_hallway_stairs, kennysheep_mini, shop_statue,
          uniq_azrael, uniq_lodul, uniq_urug
D:14:     layout_grid_maze, skrybe_vaults_entry_preservation,
          nicolae_shop_sticking_my_neck_out
D:15:     hangedman_depths_entry_try_elsewhere_first, layout_small_grid,
          serial_shops, nicolae_shop_behind_doors, shop, shop, shop,
          nicolae_sextant
Temple:   jpeg_temple_clearing
Lair:1:   layout_chaotic_city, infiniplex_staircase_pool
Lair:2:   layout_cave_pods, minmay_swamp_entry_wisps
Lair:3:   layout_loops_ring, dummy_snake_entry, hangedman_lair_unloving_vines
Lair:4:   layout_roguey, slime_entry_1
Lair:5:   hangedman_lair_caniforms_friends, layout_big_grid,
          guppyfry_lair_end_dragon, infiniplex_staircase_pool_2,
          grunt_megastairs_1
Swamp:1:  layout_basic_swamp, hangedman_swamp_ruin_wall
Swamp:2:  layout_falls_marsh, evilmike_swamp_ruin_house_5
Swamp:3:  layout_basic_swamp, lemuel_altar_in_water, swamp_pool1,
          nicolae_swamp_catching_bugs, uniq_mara
Swamp:4:  swamp_basic_johnstein, layout_basic_swamp, uniq_bai_suzhen
Snake:1:  layout_basic, serial_shops, shop, basic_altar,
          hellmonk_ghost_happy_afterlife, st_stairs_7
Snake:2:  layout_cave_shapes, minmay_shop_grid_forest
Snake:3:  layout_cave_shapes, serial_bayou, serial_bayou_lagoon_a,
          serial_bayou_pond_d, serial_bayou_pond_b, serial_bayou_pond_c
Snake:4:  grunt_snake_rune_serpentine_throne, layout_chambers,
          nicolae_large_snake_swirl
Slime:1:  layout_caves
Slime:2:  layout_caves, uniq_dissolution
Slime:3:  layout_caves
Slime:4:  layout_caves
Slime:5
Orc:1:    layout_caves, uniq_josephine
Orc:2:    kennysheep_orc_mage_school, layout_diamond_mine, basic_altar,
          ebering_ghost_disaster_area
Elf:1:    eino_elf_arrival_customs, layout_loops_corners, serial_shops, shop,
          portal_ice_cave_entry_ice_statue_two,
          hangedman_elven_crosses_minicolossus, uniq_asterion
Elf:2:    elven_hall_of_blades_hangedman_original [nicolae_blade_bullseye],
          layout_onion_city, serial_shops, nicolae_shop_trees, basic_altar
Elf:3:    grunt_elf_hall_branching, layout_gridlike, serial_shops, shop,
          nicolae_shop_vocational, roderic_lattice_octagonal_star
Vaults:1: vaults_room_fours, v_pattern_4, v_misc_4,
          nicolae_vaults_network_quinsquares
          [nicolae_vaults_network_quincunx_subvault,
          nicolae_vaults_network_quincunx_subvault,
          nicolae_vaults_network_quincunx_subvault,
          nicolae_vaults_network_quincunx_subvault], ontoclasm_vaults_pinch,
          ontoclasm_vaults_spin, v_misc_12, ontoclasm_vaults_fault,
          vaults_mumra_bighexcomb, v_misc_19, v_misc_16, vaults_dpeg_ring,
          layout_vaults_maze_snakey
Vaults:2: vaults_room_door_hall, hangedman_vaults_snaps,
          minmay_crypt_entry_necro_gods, nicolae_vaults_three_branches,
          nicolae_vaults_little_squares_4, grunt_vaults_funnel,
          vaults_dpeg_emergency_exit, dpeg_vaults_monster_box,
          layout_vaults_big_room, serial_shops, nicolae_shop_stone, uniq_aizul
Vaults:3: gammafunk_sealed_arena, v_misc_13, ontoclasm_vaults_idyll,
          nicolae_vaults_little_squares_1, v_pattern_3,
          nicolae_vaults_border_crossing, v_misc_19, vaults_dpeg_hooks,
          hangedman_vaults_impose, grunt_vaults_hallway_long,
          ontoclasm_vaults_eye, vaults_room_corners, ontoclasm_vaults_shuriken,
          layout_vaults_omnibox, serial_shops, nicolae_lakefront_shop
Vaults:4: v_misc_5, hangedman_vaults_pinch, v_misc_2,
          nicolae_vaults_ring_of_whatevers, grunt_vaults_swirl,
          nicolae_vaults_statue_guard, nicolae_vaults_big_angled_halls,
          hangedman_vaults_impose, hangedman_vaults_variations,
          nicolae_vaults_little_squares_1, vaults_room_corners,
          layout_vaults_omnicross
Vaults:5: uniq_xtahua
Crypt:1:  layout_regular_city, grunt_megastairs_3
Crypt:2:  layout_chaotic_city, ebering_ghost_reflecting_pool, minivault_23
Crypt:3:  david_glass_crypt, layout_rooms, nicolae_tomb_entry_rubble_hallway,
          ebering_ghost_reflecting_pool
Tomb:1
Tomb:2
Tomb:3
Depths:1: layout_gridville, enter_ziggurat_e, hell_entry,
          rand_demon_pan_entry_3, gammafunk_ghost_necromancy,
          grunt_ministairs_1, hangedman_corner_corridor, minmay_shop_grove
Depths:2: minmay_distorted_concentric_squares, layout_cave_shapes,
          serial_sigils, serial_sigils_hangedman_shear,
          serial_sigils_hangedman_gut, serial_sigils_hangedman_gut,
          serial_sigils_hangedman_gut, serial_sigils_hangedman_scar,
          serial_sigils_hangedman_writhe, okawaru_trees_1, pan_entry, hell_entry
Depths:3: minmay_heptahexagon, layout_gridlike, nicolae_qazlal_eye_of_the_storm,
          serial_glass, glass_columns_b, glass_columns_a,
          hangedman_abyss_entry_splay, pf_hell_entry_great_geh, ldierk_geyser,
          infiniplex_staircase_pillars_1
Depths:4: grunt_zot_entry_funnels, layout_small_grid,
          grunt_hell_entry_demonic_statue, abyss_entry_small_statue_room
Hell
Dis:1:    layout_regular_city
Dis:2:    layout_regular_city
Dis:3:    layout_subdivisions
Dis:4:    layout_gridville, hangedman_dis_chains, nicolae_dis_scattering
Dis:5:    layout_gridville, nicolae_dis_strange_trophy_room
Dis:6:    layout_gridville
Dis:7:    dis_grunt_layers
Geh:1:    layout_gehenna_lava_caves
Geh:2:    nicolae_hells_giants_party, layout_gehenna_pools_box
Geh:3:    layout_gehenna_lava_caves
Geh:4:    layout_gehenna_pools_box
Geh:5:    layout_gehenna_lava_caves
Geh:6:    nicolae_geh_realm_of_the_lava_sea
Geh:7:    geh_mu
Coc:1:    layout_ice_bergs
Coc:2:    layout_ice_bergs
Coc:3:    layout_ice_bergs
Coc:4:    layout_ice_bergs
Coc:6:    layout_cocytus_water_paths
Coc:7:    coc_hangedman
Tar:1:    layout_grid_maze
Tar:2:    layout_grid_maze
Tar:3:    layout_honeycomb
Tar:4:    layout_cathedral_of_symmetry, nicolae_tar_liches_on_tour
Tar:5:    layout_grid_maze
Tar:6:    layout_grid_maze, nicolae_tar_combstack
Tar:7:    tar_minmay_river
Zot:1:    layout_gridlike, grunt_megastairs_5, uniq_josephina
Zot:2:    layout_onion
Zot:3:    layout_misc_corridors
Zot:4:    grunt_twist_and_shout, layout_onion, gammafunk_ghost_arena,
          lemuel_baited_zot_trap, hangedman_snake_sidewinding
Zot:5:    layout_onion, st_stairs_12

Skill      XL: |  1  2  3  4  5  6  7  8  9 10 11 12 13 14 15 16 17 18 19 20 21 22 23 24 25 26 27 |
---------------+----------------------------------------------------------------------------------+-----
Spellcasting   | 3 4 5 6 8 9 10 11 12 14 15 18 19 20 21 27 | 27.0
Fighting       | 1 2 3 4 8 11 14 15 16 17 18 19 20 21 22 27 | 27.0
Ranged Weapons | 1 |  1.0
Conjurations   | 1 3 4 5 6 9 10 12 13 15 16 17 18 19 20 21 22 25 27 | 27.0
Hexes          | 2 4 |  4.0
Translocations | 3 11 | 11.0
Evocations     | 1 3 4 5 6 7 27 | 27.0
Armour         | 4 27 | 27.0
Transmutations | 4 |  4.0
Earth Magic    | 2 5 8 10 12 14 27 | 27.0
Dodging        | 4 6 7 8 9 27 | 27.0
Shields        | 8 10 27 | 27.0
Staves         | 1 9 |  9.0
Necromancy     | 3 4 20 | 20.0
Fire Magic     | 5 12 18 19 27 | 27.0
Ice Magic      | 23 | 23.9
Stealth        | 14 | 14.0
Summonings     | 5 |  5.0
Throwing       | 27 | 27.0

Action                   |  1- 3 |  4- 6 |  7- 9 | 10-12 | 13-15 | 16-18 | 19-21 | 22-24 | 25-27 || total
-------------------------+-------+-------+-------+-------+-------+-------+-------+-------+-------++-------
Melee: Club              |     5 |       |       |       |       |       |       |       |       ||     5
       Dagger            |     3 |       |       |       |       |       |       |       |       ||     3
       Staff             |       |       |       |     4 |     5 |       |     2 |     9 |    93 ||   113
 Fire: Sling             |    47 |   168 |    27 |     8 |       |       |       |       |       ||   250
Throw: Stone             |       |       |     8 |       |       |       |       |       |       ||     8
       Dart              |       |       |     2 |       |     3 |       |       |       |       ||     5
       Javelin           |       |       |       |       |       |       |       |       |    15 ||    15
 Cast: Freeze            |    49 |    59 |    23 |     3 |       |       |       |       |       ||   134
       Searing Ray       |       |    16 |    34 |    37 |    27 |    46 |   120 |    40 |    17 ||   337
       Fulminant Prism   |       |       |    27 |   192 |   241 |    19 |    43 |    74 |    34 ||   630
       Iskenderun's Myst |       |       |       |    20 |    43 |    10 |    69 |    66 |    80 ||   288
       Orb of Destructio |       |       |       |       |    24 |    60 |    29 |   100 |   151 ||   364
       Magic Dart        |       |       |       |       |   161 |    92 |   272 |   159 |    21 ||   705
       Iskenderun's Batt |       |       |       |       |    79 |    48 |   175 |   102 |     5 ||   409
       Irradiate         |       |       |       |       |     5 |    10 |    30 |    45 |    81 ||   171
       Freezing Cloud    |       |       |       |       |       |    33 |   187 |    68 |    24 ||   312
       Lee's Rapid Decon |       |       |       |       |       |       |    61 |   259 |   343 ||   663
       Borgnjor's Vile C |       |       |       |       |       |       |       |    86 |   275 ||   361
       Lehudib's Crystal |       |       |       |       |       |       |       |    24 |   315 ||   339
       Passage of Golubr |       |       |       |       |       |       |       |     1 |    12 ||    13
       Fire Storm        |       |       |       |       |       |       |       |       |  1712 ||  1712
       Shatter           |       |       |       |       |       |       |       |       |   448 ||   448
       Spellforged Servi |       |       |       |       |       |       |       |       |   230 ||   230
       Ozocubu's Refrige |       |       |       |       |       |       |       |       |   165 ||   165
       Apportation       |       |       |       |       |       |       |       |       |    20 ||    20
       Borgnjor's Revivi |       |       |       |       |       |       |       |       |     1 ||     1
Evoke: Wand              |       |       |       |       |     2 |     1 |       |       |    25 ||    28
       Condenser vane    |       |       |       |       |       |       |       |     1 |     9 ||    10
       Box of beasts     |       |       |       |       |       |       |       |       |    12 ||    12
       Horn of Geryon    |       |       |       |       |       |       |       |       |     6 ||     6
       Phantom mirror    |       |       |       |       |       |       |       |       |     5 ||     5
       Phial of floods   |       |       |       |       |       |       |       |       |     2 ||     2
       Figurine of a zig |       |       |       |       |       |       |       |       |     2 ||     2
       Tin of tremorston |       |       |       |       |       |       |       |       |     1 ||     1
  Use: Scroll            |     2 |     5 |     3 |    14 |     8 |     2 |     1 |     2 |    41 ||    78
       Potion            |       |       |       |     2 |     1 |     2 |       |     2 |    95 ||   102
 Stab: Distracted        |       |       |       |       |       |       |       |       |     1 ||     1
Armor: Robe              |    11 |    21 |    23 |    31 |    19 |    14 |    74 |    40 |   147 ||   380
       Steam dragon scal |       |       |       |       |     8 |       |       |       |       ||     8
Dodge: Dodged            |    17 |    49 |    25 |    76 |    54 |    21 |   126 |    86 |   272 ||   726
       Repelled          |       |       |     1 |     4 |     7 |     2 |    19 |     8 |    45 ||    86
Block: Buckler           |       |       |       |       |       |       |       |    12 |    13 ||    25
       Kite shield       |       |       |       |       |       |       |       |       |   192 ||   192
       Reflection        |       |       |       |       |       |       |       |       |    20 ||    20
